 Dungeon Crawl Stone Soup version 0.30-a0-234-g97d66968fd (webtiles) character file.

Game seed: 9291437152570273623

495103 qw the Slayer (level 24, -3/172 HPs)
             Began as a Gargoyle Fighter on Oct 9, 2022.
             Was a High Priest of Okawaru.
             Slain by a quicksilver dragon (11 damage)
             ... on level 4 of the Realm of Zot.
             The game lasted 00:31:46 (53866 turns).

qw the Slayer (Gargoyle Fighter)                   Turns: 53866, Time: 00:31:46

Health: -3/172     AC: 67    Str: 39    XL:     24   Next: 80%
Magic:  30/30      EV: 16    Int: 13    God:    Okawaru [*****.]
Gold:   730        SH: 29    Dex:  9    Spells: 23/23 levels left

rFire   + + .      SeeInvis +    w - +2 broad axe "Wojikoff" {spect, *Noise rCorr Str+6}
rCold   + + .      Faith    .    i - +1 tower shield {rC+}
rNeg    + . .      Spirit   .    s - +8 orange crystal plate armour {Archmagi, Int+3 Clar}
rPois   inf        Reflect  +    r - +1 helmet "Byirefe" {rPois}
rElec   +          Harm     .    D - +2 cloak {Will+}
rCorr   +          Rampage  .    H - -2 pair of gloves of Ru's Displeasure {rElec rF+ Regen+ Str+2}
Will    ++...      Archmagi +    u - +0 pair of boots "Qatiowk" {*Corrode rF+ Slay+3}
Stlth   .......... Clarity  +    E - amulet of reflection
HPRegen 1.28/turn                y - ring of Penwysowy {Wiz rC+ SInv Stlth+}
MPRegen 0.22/turn                t - +4 ring of evasion

@: about to teleport, heroic, flying, slowed, very slow
A: sickness immunity, AC +18, big wings, negative energy resistance 1,
electricity resistance, torment resistance 1, petrification resistance
}: 3/15 runes: decaying, silver, gossamer
a: Renounce Religion, Heroism, Finesse, Duel


You were on level 4 of the Realm of Zot.
You worshipped Okawaru.
Okawaru was extremely pleased with you.
You visited 9 branches of the dungeon, and saw 44 of its levels.
You visited the Abyss 1 time.

You collected 7145 gold pieces.
You spent 6415 gold pieces at shops.


Innate Abilities, Weirdness & Mutations

You are immune to sickness and miasma.
Your stone body is resilient. (AC +18)
You are immune to poison.
Your large and strong wings let you fly.
You resist negative energy. (rN+)
You are resistant to electric shocks. (rElec)
You are resistant to unholy torment.
You are immune to petrification.


   Skills:
 + Level 23.5(27) Fighting
 - Level 18.0(23.0) Axes
 - Level 13.0(18.0) Throwing
 - Level 22.0(27) Armour
 - Level 7.0(12.0) Dodging
 - Level 22.0(27) Shields
 - Level 10.0 Invocations


You had 23 spell levels left.
You didn't know any spells.
Your spell library was empty.

Inventory:

Hand Weapons
 w - the +2 broad axe "Wojikoff" (weapon) {spect, *Noise rCorr Str+6}
   (You bought it in a shop on level 1 of the Dungeon)

   When its wielder attacks, the weapon's spirit leaps out and strikes again.
   The spirit shares a part of any damage it takes with its wielder.
   Str:       It affects your strength (+6).
   *Noise:    It may make noises in combat.
   rCorr:     It protects you from acid and corrosion.
Missiles
 e - 7 javelins
 o - 5 boomerangs
 z - 6 silver javelins (quivered)
 C - 9 boomerangs of dispersal
Armour
 c - the +2 shield of Resistance {rF++ rC++ Will++}
   (You found it on level 5 of the Lair of Beasts)

   rF:        It greatly protects you from fire.
   rC:        It greatly protects you from cold.
   Will:      It greatly increases your willpower.
 i - a +1 tower shield of cold resistance (worn)
 r - the +1 helmet "Byirefe" (worn) {rPois}
   (Okawaru gifted it to you on level 5 of the Lair of Beasts)

   rPois:     It protects you from poison.
 s - the +8 orange crystal plate armour (worn) {Archmagi, Int+3 Clar}
   (You acquired it on level 5 of the Dungeon)

   Int:       It affects your intelligence (+3).
   Clar:      It protects you against confusion.
 u - the +0 pair of boots "Qatiowk" (worn) {*Corrode rF+ Slay+3}
   (You found it on level 9 of the Dungeon)

   Slay:      It affects your accuracy & damage with ranged weapons and melee
   (+3).
   rF:        It protects you from fire.
   *Corrode:  It may corrode you when you take damage.
 v - the +5 crystal plate armour "Toet" {rC+}
   (Okawaru gifted it to you on level 3 of the Swamp)

   rC:        It protects you from cold.
 D - a +2 cloak of willpower (worn)
 H - the -2 pair of gloves of Ru's Displeasure (worn) {rElec rF+ Regen+ Str+2}
   (You found it on level 5 of the Vaults)

   Str:       It affects your strength (+2).
   rF:        It protects you from fire.
   rElec:     It insulates you from electricity.
   Regen:     It increases your rate of health regeneration.
Jewellery
 t - a +4 ring of evasion (right hand)
 y - the ring of Penwysowy (left hand) {Wiz rC+ SInv Stlth+}
   (You bought it in a shop on level 3 of the Depths)

   [ring of wizardry]

   It improves your spell success rate.
   rC:        It protects you from cold.
   SInv:      It lets you see invisible.
   Stlth:     It makes you more stealthy.
 B - the ring "Ezieth" {rPois rC+ rN+}
   (You bought it in a shop on level 3 of the Depths)

   [ring of poison resistance]

   rC:        It protects you from cold.
   rPois:     It protects you from poison.
   rN:        It protects you from negative energy.
 E - an amulet of reflection (around neck)
 F - the ring "Vumun" {rC+ rN+ Int+2 Dex+4}
   (You found it on level 3 of the Depths)

   [ring of positive energy]

   Int:       It affects your intelligence (+2).
   Dex:       It affects your dexterity (+4).
   rC:        It protects you from cold.
   rN:        It protects you from negative energy.
 J - a ring of protection from fire
 K - a ring of protection from fire
 L - a ring of resist corrosion
 M - the ring "Ynoprok" {Fly rF++ Dex-2}
   (You took it off an ironbound convoker on level 5 of the Vaults)

   [ring of flight]

   Dex:       It affects your dexterity (-2).
   rF:        It greatly protects you from fire.
   Fly:       It grants you flight.
 Y - a +4 ring of protection
Scrolls
 a - 45 scrolls of identify
 l - 13 scrolls of teleportation
 m - a scroll of enchant weapon
 A - 4 scrolls of enchant armour
Potions
 b - 12 potions of lignification
 d - 8 potions of might
 f - 7 potions of mutation
 h - 24 potions of curing
 j - 13 potions of attraction
 k - 3 potions of heal wounds
 n - 4 potions of haste
 p - 8 potions of resistance
 q - 6 potions of cancellation
 x - 6 potions of magic

Dungeon Overview and Level Annotations

Branches:
Dungeon (15/15)            Temple (1/1) D:4            Lair (5/5) D:9
  Swamp (4/4) Lair:2       Spider (4/4) Lair:3        Slime (0/5) Lair:5
    Orc (2/2) D:12            Elf (0/3) Orc:2        Vaults (5/5) D:14
  Crypt (0/3) Vaults:3     Depths (4/4) D:15            Zot (4/5) Depths:4

Altars:
Ashenzari
Cheibriados
Dithmenos
Elyvilon
Fedhas
Gozag
Hepliaklqana
Kikubaaqudgha
Makhleb
Nemelex Xobeh
Okawaru
Qazlal
Ru
Sif Muna
Trog
Uskayaw
Vehumet
Wu Jian
Xom
Yredelemnul
Zin
The Shining One
Lugonu

Shops:
D:1 (   D:5 *   D:6 *   D:12 [   Orc:1 !   Orc:2 (*=[   Vaults:1 [   Vaults:3 :
Depths:1 :==*   Depths:3 :=:

Portals:
Hell: Depths:1 Depths:2 Depths:3 Depths:4
Abyss: Depths:1 Depths:2 Depths:3 Depths:4
Pandemonium: Depths:2
Ziggurat: Depths:1

Annotations:
D:12 1 runed translucent door, Nyg Tys's ghost, journeyman MiBe
D:13 2 transporters
Depths:1 1 runed translucent door


Message History

The quicksilver dragon claws you.
The quicksilver dragon barely misses you.
The quicksilver dragon claws you but does no damage.
You hear a roar!
The death cob hits you but does no damage.
53865 ||| DRINKING 4 potions of heal wounds.
You feel much better.
You block the quicksilver dragon's attack. x2
You block the death cob's attack.
You block the quicksilver dragon's attack.
The quicksilver dragon claws you but does no damage.
You block the quicksilver dragon's attack.
The quicksilver dragon claws you but does no damage.
The death cob hits you but does no damage.
The quicksilver dragon bites you but does no damage.
The quicksilver dragon barely misses you.
The quicksilver dragon bites you but does no damage.
The quicksilver dragon closely misses you.
The death cob hits you but does no damage.
The quicksilver dragon barely misses you.
The quicksilver dragon closely misses you.
You block the quicksilver dragon's attack.
The quicksilver dragon claws you.
You slash the death cob!
The death cob is severely damaged.
You miss the quicksilver dragon. You hit the quicksilver dragon.
Your +2 broad axe "Wojikoff" {spect, *Noise rCorr Str+6} hits the quicksilver dragon!
You block the death cob's attack.
The quicksilver dragon bites your +2 broad axe "Wojikoff" {spect, *Noise rCorr Str+6}!
Your spectral weapon shares its damage with you!
The quicksilver dragon claws your +2 broad axe "Wojikoff" {spect, *Noise rCorr Str+6}!
Your spectral weapon shares its damage with you!
Your +2 broad axe "Wojikoff" {spect, *Noise rCorr Str+6} fades away.
You block the quicksilver dragon's attack. x2
The death cob barely misses you.
The quicksilver dragon closely misses you.
The quicksilver dragon claws you but does no damage.
The quicksilver dragon bites you!! The quicksilver dragon claws you.
The death cob barely misses you. The quicksilver dragon bites you!
You die...

.# ..# #. ###..#
#.. .....# #...#
.....##
......###......#
#.ยค@z......#
#..#DD...#..
.... ##....#
?... #.#..# ...
..##.# #. ..#
..# # ...# .#
.... . .D... .#


You could see a death cob and 2 quicksilver dragons.

Vanquished Creatures
  2 dread liches
  2 ancient liches (Vaults:5)
  A juggernaut (Depths:2)
  Saint Roka (Vaults:5)
  Margery (Vaults:3)
  4 caustic shrikes (Depths:3)
  5 golden dragons
  Nikola (Swamp:2)
  A pearl dragon (Abyss:1)
  A Tzitzimitl (Zot:2)
  3 doom hounds (Zot:2)
  10 tentacled monstrosities
  4 liches
  Jorgrun (D:14)
  Rupert (D:13)
  Mlioglotl (Swamp:1)
  Grunn (Zot:2)
  A walking divine tome (Depths:2)
  5 titans
  2 quicksilver dragons
  6 death cobs
  3 sphinxes
  A thorn hunter (Swamp:4)
  10 shadow dragons
  13 storm dragons
  4 draconian monks
  A fenstrider witch (Swamp:3)
  4 tengu reavers
  3 draconian knights
  7 fire giants
  14 frost giants
  10 emperor scorpions
  6 draconian scorchers
  6 iron dragons
  Louise (Depths:1)
  3 ghost moths
  2 balrugs
  2 juggernaut zombies
  9 draconian shifters
  2 draconian stormcallers
  A ghoul (Swamp:3)
  13 vault wardens
  16 ironbound preservers
  25 very ugly things
  4 war gargoyles
  2 reapers (Zot:2)
  4 draconian annihilators
  22 stone giants
  2 broodmothers (Spider:4)
  10 ironbound thunderhulks
  A vampire knight (Depths:3)
  Nessos (D:13)
  8 green draconians
  3 eleionomae
  6 black draconians
  9 red draconians
  6 white draconians
  4 yellow draconians
  2 putrid mouths (Zot:2)
  7 bunyips
  14 spark wasps
  10 purple draconians
  A lorocyproca (D:11)
  Azrael (D:13)
  9 dire elephants
  Snorg (Orc:1)
  2 deep elf death magi (Vaults:5)
  A green death (Depths:2)
  21 ettins
  9 fire dragons
  6 entropy weavers
  Josephine (D:13)
  2 great orbs of eyes (shapeshifter) (Vaults:5)
  5 rakshasas
  2 deep elf high priests
  3 shambling mangroves (Swamp:4)
  14 ice dragons
  3 great orbs of eyes
  33 vault guards
  18 hydras
  16 yaktaur captains
  12 ironbound frosthearts
  A spriggan air mage (Depths:2)
  2 ogre magi (D:15)
  2 ghost crabs
  A radroach (Spider:1)
  A peacekeeper (Vaults:3)
  3 alligators
  21 centaur warriors
  A jorogumo (Spider:3)
  11 two-headed ogres
  3 deep troll shamans
  8 boulder beetles
  9 tengu warriors
  2 vampire magi
  8 death yaks
  2 thrashing horrors (Abyss:1)
  Sonja (D:12)
  6 spriggan berserkers
  4 hell knights (Vaults:3)
  A soul eater (Depths:2)
  2 sun demons (Depths:1)
  A fire crab (Lair:5)
  A sixfirhy (Abyss:1)
  3 skeletal warriors (D:15)
  A pharaoh ant (Spider:1)
  3 sun moths
  39 deep trolls
  3 flayed ghosts
  8 steelbarb worms
  4 goliath frogs
  A death drake (shapeshifter) (Vaults:5)
  13 swamp dragons
  Lodul (D:13)
  4 glowing orange brains
  8 orb spiders
  A spriggan druid (Swamp:2)
  2 iron trolls (Depths:4)
  6 wizards
  14 ironbound convokers
  6 bog bodies
  2 orc knights
  7 necromancers
  3 lindwurms (Vaults:2)
  A harpy (Vaults:2)
  A tengu zombie (Depths:1)
  A deep elf archer (Vaults:5)
  A deep elf pyromancer (D:15)
  2 deep elf zephyrmancers (Vaults:5)
  26 ugly things
  15 wolf spiders
  2 orc sorcerers (Vaults:5)
  A frost giant zombie (D:15)
  4 will-o-the-wisps
  A manticore (D:15)
  13 cyclopes
  19 moths of wrath
  A worldbinder (Abyss:1)
  A stone giant skeleton (Depths:1)
  A fire giant zombie (Depths:1)
  11 vault sentinels
  11 elephants
  An eye of devastation (shapeshifter) (Vaults:5)
  A smoke demon (Abyss:1)
  7 black mambas
  A guardian serpent (shapeshifter) (Depths:2)
  10 cane toads
  2 gargoyles
  A demonic crawler (Spider:2)
  A dire elephant skeleton (Abyss:1)
  4 torpor snails
  30 yaktaurs
  3 unseen horrors
  A kobold demonologist (Depths:4)
  A komodo dragon (shapeshifter) (Vaults:4)
  A hellwing (Depths:2)
  7 tengu conjurers
  A rime drake (Lair:5)
  4 komodo dragons
  3 efreet (D:15)
  4 freezing wraiths
  A tormentor (Zot:2)
  4 meliai (D:15)
  8 trolls
  Grinder (D:6)
  14 polar bears
  12 raiju
  23 tarantellas
  18 hornets
  7 tyrant leeches
  2 bloated husks
  32 slime creatures
  13 blink frogs
  A slime creature (shapeshifter) (Vaults:5)
  5 dream sheep (Lair:1)
  A snapping turtle (shapeshifter) (Vaults:5)
  A spriggan zombie (D:15)
  A centaur simulacrum (D:14)
  6 flying skulls (Abyss:1)
  2 ynoxinuls
  20 jumping spiders
  2 large abominations (Abyss:1)
  4 spriggans
  7 culicivoras
  3 wyverns
  7 wraiths
  50 yaks
  A shadow (D:13)
  2 water elementals (Depths:1)
  A neqoxec (Depths:2)
  2 small abominations (Abyss:1)
  4 basilisks
  5 fire elementals (D:13)
  A steam dragon (D:7)
  Eustachio (D:5)
  13 vampire mosquitoes
  52 redbacks
  14 swamp worms
  2 acid dragons
  A glowing shapeshifter zombie (D:15)
  8 wargs
  16 hell hounds
  16 water moccasins
  A floating eye (Depths:2)
  A floating eye (shapeshifter) (Vaults:4)
  22 orc warriors
  6 swamp drakes
  3 ice beasts
  12 black bears
  A spriggan simulacrum (Depths:1)
  7 boggarts
  22 ogres
  A black bear (shapeshifter) (D:14)
  30 wolves
  22 centaurs
  A wolf (shapeshifter) (Vaults:5)
  6 kobold brigands
  9 necrophages
  8 bullfrogs
  3 gnoll sergeants
  4 scorpions
  23 wights
  19 killer bees
  2 howler monkeys (D:9)
  A quasit (Abyss:1)
  3 hounds
  A gnoll bouda (D:6)
  9 orc priests
  Jessica (D:3)
  3 iguanas
  14 orc wizards
  A mummy (D:10)
  21 gnolls
  6 adders
  A river rat (D:3)
  7 white imps
  An ufetubus (Abyss:1)
  4 worms
  4 dart slugs
  65 orcs
  5 bats
  2 bat zombies (D:3)
  9 endoplasms
  6 giant cockroaches
  8 goblins
  16 hobgoblins
  7 jackals
  26 kobolds
  5 quokkas
  2 ball pythons (D:1)
  4 frilled lizards
  6 rats
  6 rat zombies (D:3)
  A spectral orc (D:4)
  2 briar patches (Swamp:4)
  A starspawn tentacle (Abyss:1)
1735 creatures vanquished.

Vanquished Creatures (others)
  A draconian knight (Zot:3)
  An ironbound thunderhulk (Vaults:3)
  An ogre mage (D:15)
  An orb spider (Spider:4)
  A wizard (Vaults:3)
  A warg (Vaults:5)
  An iguana (D:7)
  An orc wizard (Orc:2)
  A briar patch (Swamp:4)
  20 foxfires
  16 fungi
  31 plants
  A starspawn tentacle (Abyss:1)
  4 withered plants (D:15)
81 creatures vanquished.

Grand Total: 1816 creatures vanquished

Notes
Turn   | Place    | Note
-------+----------+-------------------------------------------
     0 | D:1      | qw the Gargoyle Fighter began the quest for the Orb.
     0 | D:1      | Reached XP level 1. HP: 14/14 MP: 1/1
     0 | D:1      | 0 ||| qw: Version: 0.2-a-17-g06abaee
     0 | D:1      | 0 ||| qw: Game counter: 2330
     0 | D:1      | 0 ||| qw: Always use a shield: true
     0 | D:1      | 0 ||| qw: God list: Okawaru
     0 | D:1      | 0 ||| qw: Allow faded altars: false
     0 | D:1      | 0 ||| qw: Do Orc after D:15 true
     0 | D:1      | 0 ||| qw: Do second Lair branch before Depths: true
     0 | D:1      | 0 ||| qw: Lair rune preference: random
     0 | D:1      | 0 ||| qw: Plans: Normal, Zot:1-4, God:TSO, Crypt, Tomb,
                  | Pan, Slime:5, Hells, Abyss, Orb
     0 | D:1      | 0 ||| PLANNING D:1-11
   110 | D:1      | Reached XP level 2. HP: 13/19 MP: 2/2
   376 | D:1      | Found Ygetaez's Weapon Shoppe.
   407 | D:1      | 407 ||| SHOPLISTING +0 mace (30 gold, have 16).
   407 | D:1      | 407 ||| SHOPLISTING +2 broad axe "Wojikoff" {spect, *Noise
                  | rCorr Str+6} (417 gold, have 16).
   584 | D:1      | 584 ||| DROPPING +0 whip of distortion.
   620 | D:1      | Reached skill level 3 in Axes
   669 | D:1      | Reached XP level 3. HP: 22/23 MP: 3/3
   809 | D:1      | 809 ||| Stepping ~*~*~tactically~*~*~ (hiding).
   812 | D:1      | 812 ||| Stepping ~*~*~tactically~*~*~ (hiding).
   936 | D:1      | 936 ||| Stepping ~*~*~tactically~*~*~ (stealth).
   937 | D:1      | 937 ||| Stepping ~*~*~tactically~*~*~ (stealth).
   941 | D:1      | 941 ||| Stepping ~*~*~tactically~*~*~ (stealth).
   943 | D:1      | 943 ||| Stepping ~*~*~tactically~*~*~ (stealth).
   945 | D:1      | 945 ||| Stepping ~*~*~tactically~*~*~ (stealth).
   947 | D:1      | 947 ||| Stepping ~*~*~tactically~*~*~ (stealth).
   949 | D:1      | 949 ||| Stepping ~*~*~tactically~*~*~ (stealth).
   951 | D:1      | 951 ||| Stepping ~*~*~tactically~*~*~ (stealth).
   953 | D:1      | 953 ||| Stepping ~*~*~tactically~*~*~ (stealth).
   955 | D:1      | 955 ||| Stepping ~*~*~tactically~*~*~ (stealth).
   957 | D:1      | 957 ||| Stepping ~*~*~tactically~*~*~ (stealth).
   959 | D:1      | 959 ||| Stepping ~*~*~tactically~*~*~ (stealth).
   961 | D:1      | 961 ||| Stepping ~*~*~tactically~*~*~ (stealth).
   963 | D:1      | 963 ||| Stepping ~*~*~tactically~*~*~ (stealth).
  1062 | D:1      | 1062 ||| DROPPING +0 club.
  1335 | D:1      | 1335 ||| UPGRADING to +0 cloak.
  1340 | D:1      | 1340 ||| READING 4 scrolls labelled CISYBI SINUFU.
  1341 | D:1      | 1341 ||| READING scroll labelled IRRANEVVIHIS.
  1342 | D:1      | 1342 ||| READING scroll labelled RUUZXILEME.
  1343 | D:1      | 1343 ||| READING 2 scrolls labelled ATIROTTO VONU.
  1348 | D:1      | 1348 ||| READING scroll labelled ZECLAT BIFUOCK.
  1349 | D:1      | 1349 ||| READING scroll labelled KEKUANIENE.
  1350 | D:1      | 1350 ||| READING 3 scrolls of identify.
  1350 | D:1      | 1350 ||| IDENTIFYING blue potion
  1351 | D:1      | 1351 ||| READING 2 scrolls of identify.
  1351 | D:1      | 1351 ||| IDENTIFYING emerald potion
  1455 | D:2      | 1455 ||| Stepping ~*~*~tactically~*~*~ (stealth).
  1697 | D:2      | Reached XP level 4. HP: 28/28 MP: 4/4
  1932 | D:2      | 1932 ||| Stepping ~*~*~tactically~*~*~ (stealth).
  1992 | D:2      | 1992 ||| Stepping ~*~*~tactically~*~*~ (stealth).
  2173 | D:2      | 2173 ||| UPGRADING to +0 plate armour.
  2183 | D:2      | 2183 ||| DROPPING +0 scale mail.
  2184 | D:2      | 2184 ||| READING scroll labelled TAEBELA MEUL.
  2185 | D:2      | 2185 ||| READING scroll labelled FUVOSI COTIRA.
  2186 | D:2      | 2186 ||| READING 3 scrolls labelled ACUPOMARATS.
  2187 | D:2      | 2187 ||| READING 2 scrolls of identify.
  2187 | D:2      | 2187 ||| IDENTIFYING gluggy clear potion
  2188 | D:2      | 2188 ||| DROPPING potion of berserk rage.
  2189 | D:2      | 2189 ||| DROPPING 2 scrolls of butterflies.
  2218 | D:3      | 2218 ||| PLANNING SEWER
  2283 | D:3      | Noticed Jessica
  2285 | D:3      | 2285 ||| Stepping ~*~*~tactically~*~*~ (hiding).
  2286 | D:3      | 2286 ||| Stepping ~*~*~tactically~*~*~ (hiding).
  2291 | D:3      | Killed Jessica
  2292 | D:3      | Reached XP level 5. HP: 31/32 MP: 5/5
  2362 | D:3      | 2362 ||| Stepping ~*~*~tactically~*~*~ (hiding).
  2505 | D:3      | 2505 ||| Stepping ~*~*~tactically~*~*~ (hiding).
  2601 | D:3      | 2601 ||| Stepping ~*~*~tactically~*~*~ (hiding).
  2603 | D:3      | 2603 ||| Stepping ~*~*~tactically~*~*~ (hiding).
  2718 | D:3      | 2718 ||| Stepping ~*~*~tactically~*~*~ (stealth).
  2774 | D:3      | 2774 ||| Stepping ~*~*~tactically~*~*~ (stealth).
  2777 | D:3      | 2777 ||| Stepping ~*~*~tactically~*~*~ (stealth).
  2778 | D:3      | 2778 ||| Stepping ~*~*~tactically~*~*~ (stealth).
  2780 | D:3      | 2780 ||| Stepping ~*~*~tactically~*~*~ (stealth).
  2811 | D:3      | 2811 ||| RIP SEWER
  2812 | D:3      | 2812 ||| PLANNING D:1-11
  2887 | D:3      | Found an ancient bone altar of Kikubaaqudgha.
  2998 | D:3      | 2998 ||| READING scroll labelled ZIDAMOIDUE.
  2999 | D:3      | 2999 ||| DRINKING 2 fuming green potions.
  3023 | D:3      | 3023 ||| READING 3 scrolls of identify.
  3023 | D:3      | 3023 ||| IDENTIFYING fuming black potion
  3024 | D:3      | 3024 ||| READING 2 scrolls of identify.
  3024 | D:3      | 3024 ||| IDENTIFYING fizzy green potion
  3025 | D:3      | 3025 ||| DROPPING potion of ambrosia.
  3175 | D:4      | Found a staircase to the Ecumenical Temple.
  3176 | D:4      | 3176 ||| PLANNING TEMPLE
  3183 | Temple   | Entered the Ecumenical Temple
  3185 | Temple   | 3185 ||| PLANNING OKAWARU WORSHIP
  3310 | Temple   | Became a worshipper of Warmaster Okawaru
  3311 | Temple   | 3311 ||| PLANNING D:1-11
  3351 | D:4      | 3351 ||| Stepping ~*~*~tactically~*~*~ (stealth).
  3370 | D:4      | 3370 ||| SWAPPING to +0 broad axe.
  3371 | D:4      | 3371 ||| DROPPING +1 war axe.
  3420 | D:4      | Found a radiant altar of Vehumet.
  3421 | D:4      | 3421 ||| Stepping ~*~*~tactically~*~*~ (hiding).
  3422 | D:4      | 3422 ||| Stepping ~*~*~tactically~*~*~ (hiding).
  3424 | D:4      | 3424 ||| Stepping ~*~*~tactically~*~*~ (hiding).
  3425 | D:4      | 3425 ||| Stepping ~*~*~tactically~*~*~ (hiding).
  3450 | D:4      | 3450 ||| Stepping ~*~*~tactically~*~*~ (stealth).
  3538 | D:4      | Reached skill level 4 in Fighting
  3692 | D:4      | Reached XP level 6. HP: 38/38 MP: 6/6
  3764 | D:4      | 3764 ||| Stepping ~*~*~tactically~*~*~ (hiding).
  3766 | D:4      | 3766 ||| Stepping ~*~*~tactically~*~*~ (hiding).
  3768 | D:4      | 3768 ||| Stepping ~*~*~tactically~*~*~ (hiding).
  3803 | D:4      | 3803 ||| Stepping ~*~*~tactically~*~*~ (stealth).
  3834 | D:4      | Found a hazy altar of Hepliaklqana.
  3914 | D:4      | Found a basalt altar of Yredelemnul.
  3959 | D:4      | 3959 ||| UPGRADING to +4 ring of protection.
  3960 | D:4      | 3960 ||| READING scroll labelled VYUXOS TAWAJU.
  4087 | D:5      | Entered Level 5 of the Dungeon
  4203 | D:5      | 4203 ||| Stepping ~*~*~tactically~*~*~ (stealth).
  4209 | D:5      | Reached * piety under Okawaru
  4210 | D:5      | Reached skill level 6 in Axes
  4210 | D:5      | Reached XP level 7. HP: 17/43 MP: 7/7
  4210 | D:5      | 4210 ||| INVOKING Heroism.
  4212 | D:5      | 4212 ||| DRINKING 3 potions of curing.
  4212 | D:5      | 4212 ||| (to cure confusion)
  4215 | D:5      | 4215 ||| DRINKING 2 potions of curing.
  4215 | D:5      | 4215 ||| (to cure confusion)
  4220 | D:5      | Reached skill level 1 in Invocations
  4260 | D:5      | 4260 ||| DROPPING +0 whip.
  4346 | D:5      | Found Zeriva's Assorted Antiques.
  4360 | D:5      | 4360 ||| BUYING 2 potions of heal wounds (200 gold).
  4360 | D:5      | Bought 2 potions of heal wounds for 200 gold pieces
  4360 | D:5      | 4360 ||| BUYING lumpy black potion (18 gold).
  4360 | D:5      | Bought a lumpy black potion for 18 gold pieces
  4360 | D:5      | 4360 ||| SHOPLISTING potion of lignification (60 gold, have
                  | 44).
  4360 | D:5      | 4360 ||| BUYING scroll labelled OLOTATZIET (20 gold).
  4360 | D:5      | Bought a scroll labelled OLOTATZIET for 20 gold pieces
  4360 | D:5      | 4360 ||| BUYING scroll labelled RAOHAA SUDANIYL (20 gold).
  4360 | D:5      | Bought a scroll labelled RAOHAA SUDANIYL for 20 gold pieces
  4360 | D:5      | 4360 ||| SHOPLISTING white potion (18 gold, have 4).
  4369 | D:5      | 4369 ||| Stepping ~*~*~tactically~*~*~ (hiding).
  4371 | D:5      | 4371 ||| Stepping ~*~*~tactically~*~*~ (hiding).
  4372 | D:5      | 4372 ||| Stepping ~*~*~tactically~*~*~ (hiding).
  4374 | D:5      | 4374 ||| Stepping ~*~*~tactically~*~*~ (hiding).
  4375 | D:5      | 4375 ||| Stepping ~*~*~tactically~*~*~ (hiding).
  4648 | D:5      | Noticed Eustachio
  4649 | D:5      | 4649 ||| INVOKING Heroism.
  4664 | D:5      | 4664 ||| INVOKING Heroism.
  4677 | D:5      | 4677 ||| INVOKING Heroism.
  4679 | D:5      | Killed Eustachio
  4680 | D:5      | Reached skill level 3 in Invocations
  4751 | D:5      | Found a glowing silver altar of Zin.
  4973 | D:5      | 4973 ||| Stepping ~*~*~tactically~*~*~ (hiding).
  4975 | D:5      | 4975 ||| INVOKING Heroism.
  4988 | D:5      | Reached XP level 8. HP: 36/48 MP: 8/10
  5061 | D:5      | 5061 ||| UPGRADING to +6 ring of dexterity.
  5062 | D:5      | 5062 ||| READING scroll labelled NINIRU MIE.
  5063 | D:5      | 5063 ||| READING scroll labelled OLOTATZIET.
  5063 | D:5      | 5063 ||| ACQUIRING +8 orange crystal plate armour
                  | {Archmagi, Int+3 Clar}
  5063 | D:5      | Acquired the +8 orange crystal plate armour {Archmagi,
                  | Int+3 Clar}
  5063 | D:5      | Found the +8 orange crystal plate armour {Archmagi, Int+3
                  | Clar}
  5065 | D:5      | 5065 ||| UPGRADING to +8 orange crystal plate armour
                  | {Archmagi, Int+3 Clar}.
  5075 | D:5      | 5075 ||| DROPPING +0 plate armour.
  5076 | D:5      | 5076 ||| READING scroll labelled RAOHAA SUDANIYL.
  5077 | D:5      | 5077 ||| DRINKING 2 fizzy yellow potions.
  5078 | D:5      | 5078 ||| READING 3 scrolls of identify.
  5078 | D:5      | 5078 ||| IDENTIFYING bubbling silvery potion
  5079 | D:5      | 5079 ||| READING 2 scrolls of identify.
  5079 | D:5      | 5079 ||| IDENTIFYING bubbling golden potion
  5153 | D:6      | Found a broken altar of Ashenzari.
  5170 | D:6      | Noticed Grinder
  5171 | D:6      | 5171 ||| INVOKING Heroism.
  5176 | D:6      | Paralysed by Grinder for 4 turns
  5187 | D:6      | Killed Grinder
  5188 | D:6      | Reached skill level 1 in Dodging
  5281 | D:6      | 5281 ||| INVOKING Heroism.
  5354 | D:6      | 5354 ||| INVOKING Heroism.
  5363 | D:6      | Reached ** piety under Okawaru
  5464 | D:6      | 5464 ||| INVOKING Heroism.
  5485 | D:6      | Found Liuxtod's General Store.
  5493 | D:6      | 5493 ||| SHOPLISTING scroll of identify (26 gold, have 19).
  5611 | D:6      | 5611 ||| Stepping ~*~*~tactically~*~*~ (stealth).
  5612 | D:6      | 5612 ||| Stepping ~*~*~tactically~*~*~ (hiding).
  5614 | D:6      | 5614 ||| INVOKING Heroism.
  5625 | D:6      | 5625 ||| Stepping ~*~*~tactically~*~*~ (hiding).
  5632 | D:6      | Reached skill level 5 in Fighting
  5641 | D:6      | 5641 ||| READING scroll of enchant armour.
  5641 | D:6      | 5641 ||| ENCHANTING +0 cloak.
  5964 | D:6      | 5964 ||| Stepping ~*~*~tactically~*~*~ (hiding).
  5965 | D:6      | 5965 ||| Stepping ~*~*~tactically~*~*~ (hiding).
  5971 | D:6      | 5971 ||| Stepping ~*~*~tactically~*~*~ (hiding).
  5974 | D:6      | 5974 ||| INVOKING Heroism.
  6099 | D:6      | 6099 ||| DRINKING 2 lumpy black potions.
  6100 | D:6      | 6100 ||| READING 3 scrolls of identify.
  6100 | D:6      | 6100 ||| IDENTIFYING metallic cyan potion
  6101 | D:6      | 6101 ||| DROPPING potion of degeneration.
  6175 | D:7      | Reached skill level 6 in Armour
  6177 | D:7      | Reached skill level 1 in Throwing
  6180 | D:7      | Reached XP level 9. HP: 43/54 MP: 12/12
  6219 | D:7      | 6219 ||| DROPPING +0 flail.
  6229 | D:7      | 6229 ||| INVOKING Heroism.
  6420 | D:7      | 6420 ||| Stepping ~*~*~tactically~*~*~ (hiding).
  6427 | D:7      | 6427 ||| INVOKING Heroism.
  6639 | D:7      | 6639 ||| INVOKING Heroism.
  6646 | D:7      | Reached skill level 6 in Fighting
  6650 | D:7      | Reached *** piety under Okawaru
  6660 | D:7      | 6660 ||| INVOKING Heroism.
  6850 | D:7      | 6850 ||| INVOKING Heroism.
  6883 | D:7      | 6883 ||| INVOKING Heroism.
  6886 | D:7      | Reached skill level 9 in Axes
  6983 | D:7      | 6983 ||| READING scroll of enchant weapon.
  6983 | D:7      | 6983 ||| ENCHANTING +0 broad axe.
  7080 | D:7      | 7080 ||| UPGRADING to +4 ring of evasion.
  7082 | D:7      | 7082 ||| DROPPING +6 ring of dexterity.
  7083 | D:7      | 7083 ||| READING scroll labelled WUSAJY HOGIP.
  7114 | D:8      | 7114 ||| Stepping ~*~*~tactically~*~*~ (stealth).
  7115 | D:8      | 7115 ||| INVOKING Heroism.
  7187 | D:8      | 7187 ||| Stepping ~*~*~tactically~*~*~ (stealth).
  7192 | D:8      | Reached XP level 10. HP: 60/60 MP: 13/13
  7245 | D:8      | 7245 ||| Stepping ~*~*~tactically~*~*~ (stealth).
  7248 | D:8      | 7248 ||| Stepping ~*~*~tactically~*~*~ (stealth).
  7252 | D:8      | Reached **** piety under Okawaru
  7335 | D:8      | 7335 ||| Stepping ~*~*~tactically~*~*~ (stealth).
  7340 | D:8      | 7340 ||| Stepping ~*~*~tactically~*~*~ (hiding).
  7341 | D:8      | 7341 ||| Stepping ~*~*~tactically~*~*~ (hiding).
  7342 | D:8      | 7342 ||| Stepping ~*~*~tactically~*~*~ (hiding).
  7367 | D:8      | 7367 ||| Stepping ~*~*~tactically~*~*~ (stealth).
  7371 | D:8      | Found an opulent altar of Gozag.
  7373 | D:8      | 7373 ||| Stepping ~*~*~tactically~*~*~ (stealth).
  7374 | D:8      | 7374 ||| Stepping ~*~*~tactically~*~*~ (stealth).
  7376 | D:8      | 7376 ||| Stepping ~*~*~tactically~*~*~ (stealth).
  7406 | D:8      | Found a shimmering blue altar of Sif Muna.
  7462 | D:8      | 7462 ||| Stepping ~*~*~tactically~*~*~ (stealth).
  7463 | D:8      | 7463 ||| Stepping ~*~*~tactically~*~*~ (stealth).
  7474 | D:8      | 7474 ||| Stepping ~*~*~tactically~*~*~ (hiding).
  7475 | D:8      | 7475 ||| Stepping ~*~*~tactically~*~*~ (hiding).
  7527 | D:8      | 7527 ||| Stepping ~*~*~tactically~*~*~ (stealth).
  7528 | D:8      | 7528 ||| Stepping ~*~*~tactically~*~*~ (stealth).
  7536 | D:8      | Reached skill level 7 in Fighting
  7589 | D:8      | 7589 ||| Stepping ~*~*~tactically~*~*~ (hiding).
  7590 | D:8      | 7590 ||| Stepping ~*~*~tactically~*~*~ (hiding).
  7594 | D:8      | 7594 ||| INVOKING Heroism.
  7843 | D:9      | 7843 ||| INVOKING Heroism.
  7975 | D:9      | 7975 ||| INVOKING Heroism.
  8026 | D:9      | 8026 ||| INVOKING Heroism.
  8037 | D:9      | Reached skill level 6 in Invocations
  8099 | D:9      | 8099 ||| Stepping ~*~*~tactically~*~*~ (hiding).
  8108 | D:9      | 8108 ||| INVOKING Heroism.
  8157 | D:9      | Identified the +0 pair of boots "Qatiowk" {*Corrode rF+
                  | Slay+3}
  8176 | D:9      | Found a sacrificial altar of Ru.
  8209 | D:9      | Found an ornate altar of the Wu Jian Council.
  8239 | D:9      | 8239 ||| Stepping ~*~*~tactically~*~*~ (stealth).
  8254 | D:9      | 8254 ||| Stepping ~*~*~tactically~*~*~ (stealth).
  8266 | D:9      | 8266 ||| FLEEEEING.
  8274 | D:9      | 8274 ||| FLEEEEING.
  8275 | D:9      | 8275 ||| FLEEEEING.
  8363 | D:9      | Found a staircase to the Lair.
  8407 | D:9      | 8407 ||| INVOKING Heroism.
  8410 | D:9      | 8410 ||| Stepping ~*~*~tactically~*~*~ (stealth).
  8431 | D:9      | 8431 ||| READING scroll of enchant armour.
  8431 | D:9      | 8431 ||| ENCHANTING +1 cloak.
  8447 | D:9      | 8447 ||| PLANNING LAIR
  8447 | D:9      | 8447 ||| UPGRADING to +0 pair of boots.
  8452 | D:9      | 8452 ||| UPGRADING to +0 pair of boots "Qatiowk" {*Corrode
                  | rF+ Slay+3}.
  8462 | D:9      | 8462 ||| DROPPING +0 pair of boots.
  8493 | Lair:1   | Entered Level 1 of the Lair of Beasts
  8493 | Lair:1   | Noticed a cane toad
  8494 | Lair:1   | 8494 ||| INVOKING Heroism.
  8499 | Lair:1   | Killed a cane toad
  8499 | Lair:1   | Reached ***** piety under Okawaru
  8523 | Lair:1   | 8523 ||| Stepping ~*~*~tactically~*~*~ (stealth).
  8524 | Lair:1   | 8524 ||| Stepping ~*~*~tactically~*~*~ (stealth).
  8527 | Lair:1   | 8527 ||| Stepping ~*~*~tactically~*~*~ (stealth).
  8528 | Lair:1   | 8528 ||| Stepping ~*~*~tactically~*~*~ (stealth).
  8665 | Lair:1   | 8665 ||| Stepping ~*~*~tactically~*~*~ (stealth).
  8673 | Lair:1   | 8673 ||| Stepping ~*~*~tactically~*~*~ (stealth).
  8676 | Lair:1   | 8676 ||| INVOKING Heroism.
  8683 | Lair:1   | Reached XP level 11. HP: 61/67 MP: 13/16
  8745 | Lair:1   | Reached skill level 9 in Armour
  8773 | Lair:1   | 8773 ||| INVOKING Heroism.
  8798 | Lair:1   | Found a shimmering blue altar of Sif Muna.
  8924 | Lair:1   | 8924 ||| INVOKING Heroism.
  9083 | Lair:1   | 9083 ||| INVOKING Heroism.
  9096 | Lair:1   | Reached skill level 9 in Invocations
  9101 | Lair:1   | 9101 ||| Stepping ~*~*~tactically~*~*~ (stealth).
  9200 | Lair:1   | Identified the +3 ring mail of the Equator {*Corrode Str+4
                  | Stlth+}
  9220 | Lair:1   | 9220 ||| INVOKING Heroism.
  9253 | Lair:1   | 9253 ||| Stepping ~*~*~tactically~*~*~ (stealth).
  9263 | Lair:1   | Reached skill level 8 in Fighting
  9265 | Lair:1   | 9265 ||| INVOKING Heroism.
  9346 | Lair:1   | 9346 ||| DRINKING 3 white potions.
  9347 | Lair:1   | 9347 ||| DROPPING 2 potions of flight.
  9357 | Lair:2   | 9357 ||| STAIRDANCE
  9370 | Lair:2   | 9370 ||| INVOKING Heroism.
  9373 | Lair:2   | 9373 ||| STAIRDANCE
  9387 | Lair:2   | 9387 ||| STAIRDANCE
  9403 | Lair:2   | 9403 ||| STAIRDANCE
  9409 | Lair:1   | Identified the +4 battleaxe of Wasok {vorpal, Fly rPois
                  | Dex-5} (Okawaru gifted it to you on level 1 of the Lair of
                  | Beasts)
  9409 | Lair:1   | Received a gift from Okawaru
  9459 | Lair:2   | 9459 ||| STAIRDANCE
  9486 | Lair:2   | 9486 ||| INVOKING Heroism.
  9488 | Lair:2   | 9488 ||| STAIRDANCE
  9500 | Lair:2   | 9500 ||| STAIRDANCE
  9504 | Lair:1   | 9504 ||| INVOKING Heroism.
  9522 | Lair:2   | 9522 ||| STAIRDANCE
  9528 | Lair:2   | 9528 ||| INVOKING Heroism.
  9531 | Lair:2   | 9531 ||| STAIRDANCE
  9546 | Lair:2   | 9546 ||| STAIRDANCE
  9585 | Lair:2   | 9585 ||| STAIRDANCE
  9587 | Lair:1   | 9587 ||| INVOKING Heroism.
  9602 | Lair:2   | 9602 ||| STAIRDANCE
  9643 | Lair:2   | 9643 ||| STAIRDANCE
  9652 | Lair:1   | 9652 ||| INVOKING Heroism.
  9732 | Lair:2   | 9732 ||| STAIRDANCE
  9776 | Lair:2   | 9776 ||| STAIRDANCE
  9778 | Lair:1   | 9778 ||| INVOKING Heroism.
  9784 | Lair:1   | Reached XP level 12. HP: 61/73 MP: 16/19
  9823 | Lair:2   | 9823 ||| INVOKING Heroism.
  9825 | Lair:2   | 9825 ||| STAIRDANCE
  9873 | Lair:2   | 9873 ||| STAIRDANCE
  9882 | Lair:2   | 9882 ||| INVOKING Heroism.
  9912 | Lair:2   | Noticed a death yak
  9912 | Lair:2   | Noticed a death yak
  9912 | Lair:2   | Noticed a death yak
  9913 | Lair:2   | 9913 ||| INVOKING Heroism.
  9913 | Lair:2   | Noticed a death yak
  9914 | Lair:2   | 9914 ||| Stepping ~*~*~tactically~*~*~ (stealth).
  9915 | Lair:2   | 9915 ||| INVOKING Finesse.
  9916 | Lair:2   | Noticed a death yak
  9917 | Lair:2   | Noticed a death yak
  9931 | Lair:2   | Killed a death yak
  9931 | Lair:2   | Killed a death yak
  9932 | Lair:2   | Reached skill level 9 in Fighting
  9938 | Lair:2   | Killed a death yak
  9945 | Lair:2   | Killed a death yak
  9945 | Lair:2   | Reached ****** piety under Okawaru
  9947 | Lair:2   | Killed a death yak
  9950 | Lair:2   | Killed a death yak
  9950 | Lair:2   | Received a gift from Okawaru
  9965 | Lair:2   | 9965 ||| INVOKING Heroism.
 10134 | Lair:2   | Reached skill level 12 in Axes
 10179 | Lair:2   | 10179 ||| Stepping ~*~*~tactically~*~*~ (stealth).
 10269 | Lair:2   | Reached skill level 6 in Shields
 10314 | Lair:2   | 10314 ||| Stepping ~*~*~tactically~*~*~ (stealth).
 10316 | Lair:2   | 10316 ||| Stepping ~*~*~tactically~*~*~ (stealth).
 10320 | Lair:2   | 10320 ||| Stepping ~*~*~tactically~*~*~ (stealth).
 10360 | Lair:2   | 10360 ||| Stepping ~*~*~tactically~*~*~ (stealth).
 10412 | Lair:2   | Found a staircase to the Swamp.
 10741 | Lair:2   | 10741 ||| UPGRADING to +0 pair of gloves.
 10746 | Lair:2   | 10746 ||| READING scroll of enchant armour.
 10746 | Lair:2   | 10746 ||| ENCHANTING +0 pair of gloves.
 10747 | Lair:2   | 10747 ||| READING scroll labelled JIL DAETESH.
 10787 | Lair:3   | 10787 ||| INVOKING Heroism.
 10802 | Lair:3   | Reached skill level 10 in Fighting
 10854 | Lair:3   | Noticed an eight-headed hydra
 10855 | Lair:3   | 10855 ||| INVOKING Heroism.
 10856 | Lair:3   | 10856 ||| INVOKING Finesse.
 10858 | Lair:3   | 10858 ||| SWAPPING to +6 morningstar.
 10866 | Lair:3   | Killed an eight-headed hydra
 10867 | Lair:3   | 10867 ||| SWAPPING to +1 broad axe.
 11055 | Lair:3   | Found a hole to the Spider Nest.
 11177 | Lair:4   | 11177 ||| INVOKING Heroism.
 11243 | Lair:4   | Reached XP level 13. HP: 66/82 MP: 20/20
 11300 | Lair:4   | 11300 ||| INVOKING Heroism.
 11332 | Lair:4   | 11332 ||| INVOKING Heroism.
 11390 | Lair:4   | Identified the +1 buckler "Piseb" {Dex+4}
 11392 | Lair:4   | 11392 ||| INVOKING Heroism.
 11430 | Lair:4   | 11430 ||| INVOKING Finesse.
 11558 | Lair:4   | 11558 ||| INVOKING Heroism.
 11565 | Lair:4   | Reached skill level 12 in Armour
 11579 | Lair:4   | Identified the +0 pair of gloves of Okawaru, Freezing {rF+}
                  | (Okawaru gifted it to you on level 4 of the Lair of Beasts)
 11579 | Lair:4   | Received a gift from Okawaru
 11675 | Lair:4   | 11675 ||| INVOKING Heroism.
 11676 | Lair:4   | 11676 ||| INVOKING Finesse.
 11694 | Lair:4   | 11694 ||| INVOKING Finesse.
 11713 | Lair:4   | 11713 ||| DROPPING +6 ring of strength.
 11716 | Lair:4   | 11716 ||| INVOKING Heroism.
 11721 | Lair:4   | 11721 ||| Stepping ~*~*~tactically~*~*~ (cloud).
 11722 | Lair:4   | 11722 ||| Stepping ~*~*~tactically~*~*~ (water).
 11723 | Lair:4   | 11723 ||| INVOKING Finesse.
 11723 | Lair:4   | HP: 12/82 [ice beast[an ice statue] (11)]
 11724 | Lair:4   | 11724 ||| READING 7 scrolls of teleportation.
 11725 | Lair:4   | 11725 ||| DRINKING 5 potions of heal wounds.
 11960 | Lair:4   | 11960 ||| INVOKING Heroism.
 11985 | Lair:4   | 11985 ||| INVOKING Finesse.
 11988 | Lair:4   | 11988 ||| Stepping ~*~*~tactically~*~*~ (cloud).
 11989 | Lair:4   | 11989 ||| INVOKING Heroism.
 11990 | Lair:4   | 11990 ||| Stepping ~*~*~tactically~*~*~ (water).
 12005 | Lair:4   | 12005 ||| INVOKING Finesse.
 12020 | Lair:4   | 12020 ||| INVOKING Heroism.
 12050 | Lair:4   | 12050 ||| INVOKING Finesse.
 12074 | Lair:4   | 12074 ||| INVOKING Heroism.
 12093 | Lair:4   | 12093 ||| INVOKING Finesse.
 12113 | Lair:4   | 12113 ||| INVOKING Heroism.
 12133 | Lair:4   | 12133 ||| INVOKING Finesse.
 12163 | Lair:4   | 12163 ||| INVOKING Heroism.
 12232 | Lair:4   | 12232 ||| INVOKING Heroism.
 12281 | Lair:4   | 12281 ||| INVOKING Heroism.
 12326 | Lair:4   | 12326 ||| FLEEEEING.
 12327 | Lair:4   | 12327 ||| FLEEEEING.
 12328 | Lair:4   | 12328 ||| FLEEEEING.
 12329 | Lair:4   | 12329 ||| FLEEEEING.
 12330 | Lair:4   | 12330 ||| FLEEEEING.
 12331 | Lair:4   | 12331 ||| FLEEEEING.
 12571 | Lair:4   | 12571 ||| INVOKING Heroism.
 12807 | Lair:4   | 12807 ||| UPGRADING to +1 buckler "Piseb" {Dex+4}.
 12817 | Lair:4   | 12817 ||| DROPPING +0 buckler.
 12818 | Lair:4   | 12818 ||| UPGRADING to +0 pair of gloves of Okawaru,
                  | Freezing {rF+}.
 12828 | Lair:4   | 12828 ||| READING 15 scrolls of identify.
 12828 | Lair:4   | 12828 ||| IDENTIFYING sapphire potion
 12855 | Lair:4   | 12855 ||| INVOKING Heroism.
 12888 | Lair:5   | Entered Level 5 of the Lair of Beasts
 12888 | Lair:5   | Found the +2 shield of Resistance {rF++ rC++ Will++}
 12975 | Lair:5   | 12975 ||| INVOKING Heroism.
 12978 | Lair:5   | 12978 ||| Stepping ~*~*~tactically~*~*~ (hiding).
 12979 | Lair:5   | 12979 ||| Stepping ~*~*~tactically~*~*~ (hiding).
 13002 | Lair:5   | 13002 ||| SWAPPING to +6 morningstar.
 13009 | Lair:5   | 13009 ||| SWAPPING to +1 broad axe.
 13119 | Lair:5   | 13119 ||| INVOKING Heroism.
 13159 | Lair:5   | Found a staircase to the Slime Pits.
 13240 | Lair:5   | 13240 ||| INVOKING Heroism.
 13241 | Lair:5   | 13241 ||| Stepping ~*~*~tactically~*~*~ (stealth).
 13242 | Lair:5   | 13242 ||| Stepping ~*~*~tactically~*~*~ (stealth).
 13279 | Lair:5   | 13279 ||| Stepping ~*~*~tactically~*~*~ (stealth).
 13280 | Lair:5   | 13280 ||| Stepping ~*~*~tactically~*~*~ (stealth).
 13282 | Lair:5   | 13282 ||| Stepping ~*~*~tactically~*~*~ (stealth).
 13283 | Lair:5   | 13283 ||| Stepping ~*~*~tactically~*~*~ (stealth).
 13284 | Lair:5   | 13284 ||| Stepping ~*~*~tactically~*~*~ (stealth).
 13285 | Lair:5   | 13285 ||| Stepping ~*~*~tactically~*~*~ (stealth).
 13303 | Lair:5   | 13303 ||| INVOKING Heroism.
 13307 | Lair:5   | 13307 ||| Stepping ~*~*~tactically~*~*~ (stealth).
 13310 | Lair:5   | 13310 ||| Stepping ~*~*~tactically~*~*~ (stealth).
 13311 | Lair:5   | 13311 ||| Stepping ~*~*~tactically~*~*~ (stealth).
 13314 | Lair:5   | 13314 ||| Stepping ~*~*~tactically~*~*~ (stealth).
 13316 | Lair:5   | 13316 ||| Stepping ~*~*~tactically~*~*~ (stealth).
 13500 | Lair:5   | 13500 ||| Stepping ~*~*~tactically~*~*~ (stealth).
 13511 | Lair:5   | 13511 ||| Stepping ~*~*~tactically~*~*~ (stealth).
 13628 | Lair:5   | 13628 ||| Stepping ~*~*~tactically~*~*~ (stealth).
 13638 | Lair:5   | 13638 ||| INVOKING Heroism.
 13643 | Lair:5   | 13643 ||| Stepping ~*~*~tactically~*~*~ (stealth).
 13655 | Lair:5   | 13655 ||| Stepping ~*~*~tactically~*~*~ (stealth).
 13665 | Lair:5   | 13665 ||| Stepping ~*~*~tactically~*~*~ (stealth).
 13671 | Lair:5   | 13671 ||| INVOKING Heroism.
 13672 | Lair:5   | 13672 ||| Stepping ~*~*~tactically~*~*~ (hiding).
 13675 | Lair:5   | 13675 ||| Stepping ~*~*~tactically~*~*~ (hiding).
 13682 | Lair:5   | Gained mutation: Your large and strong wings let you fly.
                  | [Gargoyle growth]
 13682 | Lair:5   | Reached XP level 14. HP: 88/88 MP: 19/21
 13689 | Lair:5   | 13689 ||| SWAPPING to +6 morningstar.
 13703 | Lair:5   | 13703 ||| Stepping ~*~*~tactically~*~*~ (stealth).
 13707 | Lair:5   | 13707 ||| SWAPPING to +1 broad axe.
 13795 | Lair:5   | 13795 ||| Stepping ~*~*~tactically~*~*~ (hiding).
 13805 | Lair:5   | 13805 ||| Stepping ~*~*~tactically~*~*~ (stealth).
 13809 | Lair:5   | 13809 ||| Stepping ~*~*~tactically~*~*~ (stealth).
 13811 | Lair:5   | 13811 ||| Stepping ~*~*~tactically~*~*~ (stealth).
 13816 | Lair:5   | 13816 ||| Stepping ~*~*~tactically~*~*~ (stealth).
 13827 | Lair:5   | 13827 ||| INVOKING Heroism.
 13857 | Lair:5   | 13857 ||| Stepping ~*~*~tactically~*~*~ (hiding).
 13860 | Lair:5   | 13860 ||| Stepping ~*~*~tactically~*~*~ (stealth).
 13869 | Lair:5   | Reached skill level 11 in Fighting
 13878 | Lair:5   | 13878 ||| INVOKING Heroism.
 13894 | Lair:5   | 13894 ||| Stepping ~*~*~tactically~*~*~ (stealth).
 13899 | Lair:5   | 13899 ||| Stepping ~*~*~tactically~*~*~ (stealth).
 13900 | Lair:5   | 13900 ||| Stepping ~*~*~tactically~*~*~ (stealth).
 13914 | Lair:5   | 13914 ||| READING scroll of enchant weapon.
 13914 | Lair:5   | 13914 ||| ENCHANTING +1 broad axe.
 13916 | Lair:5   | 13916 ||| Stepping ~*~*~tactically~*~*~ (stealth).
 13918 | Lair:5   | 13918 ||| Stepping ~*~*~tactically~*~*~ (stealth).
 13932 | Lair:5   | 13932 ||| INVOKING Heroism.
 13937 | Lair:5   | Identified the +1 helmet "Byirefe" {rPois} (Okawaru gifted
                  | it to you on level 5 of the Lair of Beasts)
 13937 | Lair:5   | Received a gift from Okawaru
 14014 | Lair:5   | 14014 ||| Stepping ~*~*~tactically~*~*~ (stealth).
 14020 | Lair:5   | 14020 ||| INVOKING Heroism.
 14041 | Lair:5   | 14041 ||| Stepping ~*~*~tactically~*~*~ (stealth).
 14412 | Lair:5   | 14412 ||| PLANNING D:1-11
 14412 | Lair:5   | 14412 ||| UPGRADING to +2 shield of Resistance {rF++ rC++
                  | Will++}.
 14422 | Lair:5   | 14422 ||| UPGRADING to +1 helmet "Byirefe" {rPois}.
 14427 | Lair:5   | 14427 ||| DROPPING +1 buckler "Piseb" {Dex+4}.
 14428 | Lair:5   | 14428 ||| UPGRADING to +1 pair of gloves.
 14438 | Lair:5   | 14438 ||| DROPPING amulet of magic regeneration.
 14529 | D:10     | Entered Level 10 of the Dungeon
 14581 | D:10     | 14581 ||| Stepping ~*~*~tactically~*~*~ (stealth).
 14583 | D:10     | 14583 ||| Stepping ~*~*~tactically~*~*~ (stealth).
 14592 | D:10     | 14592 ||| INVOKING Heroism.
 14700 | D:10     | 14700 ||| Stepping ~*~*~tactically~*~*~ (stealth).
 14702 | D:10     | 14702 ||| Stepping ~*~*~tactically~*~*~ (stealth).
 14704 | D:10     | 14704 ||| Stepping ~*~*~tactically~*~*~ (hiding).
 14785 | D:10     | Found a shadowy altar of Dithmenos.
 14833 | D:10     | 14833 ||| Stepping ~*~*~tactically~*~*~ (hiding).
 14906 | D:10     | Identified the +7 falchion of Xiag {pain, *Slow Str+2 Dex+4
                  | SInv}
 14979 | D:10     | 14979 ||| READING scroll of enchant armour.
 14979 | D:10     | 14979 ||| ENCHANTING +1 pair of gloves.
 15107 | D:10     | Found a snail-covered altar of Cheibriados.
 15108 | D:10     | 15108 ||| DRINKING 2 bubbling coppery potions.
 15109 | D:10     | 15109 ||| DROPPING potion of invisibility.
 15110 | D:10     | 15110 ||| Stepping randomly (stuck).
 15214 | D:11     | Identified the +7 hand axe of Linearity {flame, rElec Str+9
                  | Dex-2 Stlth+}
 15216 | D:11     | 15216 ||| DROPPING +6 morningstar.
 15235 | D:11     | 15235 ||| Stepping ~*~*~tactically~*~*~ (stealth).
 15259 | D:11     | 15259 ||| Stepping ~*~*~tactically~*~*~ (hiding).
 15351 | D:11     | 15351 ||| Stepping ~*~*~tactically~*~*~ (stealth).
 15353 | D:11     | 15353 ||| Stepping ~*~*~tactically~*~*~ (hiding).
 15375 | D:11     | 15375 ||| INVOKING Heroism.
 15387 | D:11     | 15387 ||| Stepping ~*~*~tactically~*~*~ (hiding).
 15394 | Abyss:1  | Cast into level 1 of the Abyss (gnoll)
 15497 | Abyss:1  | Reached skill level 9 in Shields
 15541 | Abyss:1  | 15541 ||| Stepping ~*~*~tactically~*~*~ (stealth).
 15543 | Abyss:1  | 15543 ||| Stepping ~*~*~tactically~*~*~ (stealth).
 15582 | Abyss:1  | 15582 ||| Stepping ~*~*~tactically~*~*~ (stealth).
 15607 | Abyss:1  | 15607 ||| Stepping ~*~*~tactically~*~*~ (stealth).
 15610 | Abyss:1  | 15610 ||| Stepping ~*~*~tactically~*~*~ (stealth).
 15663 | Abyss:1  | 15663 ||| INVOKING Heroism.
 15686 | Abyss:1  | Reached skill level 3 in Throwing
 15708 | Abyss:1  | 15708 ||| Stepping ~*~*~tactically~*~*~ (stealth).
 15710 | Abyss:1  | 15710 ||| Stepping ~*~*~tactically~*~*~ (stealth).
 15807 | Abyss:1  | Noticed a purple draconian shifter
 15811 | Abyss:1  | 15811 ||| INVOKING Heroism.
 15815 | Abyss:1  | 15815 ||| Stepping ~*~*~tactically~*~*~ (hiding).
 15823 | Abyss:1  | Noticed a pearl dragon
 15833 | Abyss:1  | Noticed a lich
 15834 | Abyss:1  | 15834 ||| INVOKING Finesse.
 15841 | Abyss:1  | HP: 21/90 [pearl dragon (9)]
 15842 | Abyss:1  | 15842 ||| READING 8 scrolls of teleportation.
 15843 | Abyss:1  | 15843 ||| DRINKING 6 potions of heal wounds.
 15851 | Abyss:1  | 15851 ||| INVOKING Heroism.
 15858 | Abyss:1  | Killed a pearl dragon
 15864 | Abyss:1  | Killed a lich
 15946 | Abyss:1  | 15946 ||| INVOKING Heroism.
 16045 | Abyss:1  | 16045 ||| Stepping ~*~*~tactically~*~*~ (stealth).
 16051 | Abyss:1  | 16051 ||| INVOKING Heroism.
 16073 | Abyss:1  | 16073 ||| Stepping ~*~*~tactically~*~*~ (stealth).
 16079 | Abyss:1  | 16079 ||| Stepping ~*~*~tactically~*~*~ (hiding).
 16081 | Abyss:1  | 16081 ||| Stepping ~*~*~tactically~*~*~ (hiding).
 16123 | Abyss:1  | 16123 ||| Stepping ~*~*~tactically~*~*~ (hiding).
 16125 | Abyss:1  | 16125 ||| INVOKING Heroism.
 16133 | Abyss:1  | Noticed a tentacled starspawn
 16137 | Abyss:1  | Noticed a balrug
 16155 | D:11     | Escaped the Abyss
 16159 | D:11     | HP: 17/90 [gnoll/+1 spear of distortion[a gnoll sergeant]
                  | (20)]
 16160 | D:11     | 16160 ||| READING 7 scrolls of teleportation.
 16161 | D:11     | 16161 ||| DRINKING 5 potions of heal wounds.
 16265 | D:11     | 16265 ||| Invisible monster not found???
 16277 | D:11     | 16277 ||| Stepping ~*~*~tactically~*~*~ (stealth).
 16319 | D:11     | 16319 ||| Stepping ~*~*~tactically~*~*~ (hiding).
 16333 | D:11     | 16333 ||| INVOKING Heroism.
 16334 | D:11     | Killed a balrug
 16381 | D:11     | Killed a lorocyproca
 16567 | D:11     | Reached XP level 15. HP: 94/94 MP: 22/22
 16628 | D:11     | 16628 ||| Stepping ~*~*~tactically~*~*~ (stealth).
 16936 | D:11     | Identified the +1 buckler of Okawaru's Fury {rF+ rC+
                  | Stlth+} (Okawaru gifted it to you on level 11 of the
                  | Dungeon)
 16936 | D:11     | Received a gift from Okawaru
 17257 | D:11     | 17257 ||| INVOKING Heroism.
 17363 | D:11     | 17363 ||| Stepping ~*~*~tactically~*~*~ (hiding).
 17367 | D:11     | 17367 ||| INVOKING Heroism.
 17371 | D:11     | 17371 ||| Stepping ~*~*~tactically~*~*~ (hiding).
 17374 | D:11     | 17374 ||| Stepping ~*~*~tactically~*~*~ (hiding).
 17400 | D:11     | 17400 ||| PLANNING D
 17489 | D:12     | 17489 ||| INVOKING Heroism.
 17507 | D:12     | Found Xecoi's Armour Boutique.
 17509 | D:12     | Found a staircase to the Orcish Mines.
 17535 | D:12     | 17535 ||| BUYING +0 tower shield of reflection (102 gold).
 17535 | D:12     | Bought a +0 tower shield of reflection for 102 gold pieces
 17557 | D:12     | Reached skill level 12 in Shields
 17636 | D:12     | 17636 ||| INVOKING Heroism.
 17691 | D:12     | Found a runed translucent door.
 17704 | D:12     | Noticed Nyg Tys's ghost (journeyman MiBe)
 17875 | D:12     | Noticed Sonja
 17878 | D:12     | 17878 ||| INVOKING Finesse.
 17911 | D:12     | Killed Sonja
 18035 | D:12     | 18035 ||| INVOKING Heroism.
 18307 | D:13     | 18307 ||| INVOKING Heroism.
 18307 | D:13     | Noticed Azrael
 18308 | D:13     | 18308 ||| INVOKING Finesse.
 18308 | D:13     | Noticed Lodul
 18335 | D:13     | Killed Azrael
 18337 | D:13     | 18337 ||| Stepping ~*~*~tactically~*~*~ (hiding).
 18338 | D:13     | 18338 ||| Stepping ~*~*~tactically~*~*~ (hiding).
 18338 | D:13     | Noticed Rupert
 18342 | D:13     | 18342 ||| Stepping ~*~*~tactically~*~*~ (hiding).
 18359 | D:13     | Killed Rupert
 18361 | D:13     | Killed Lodul
 18420 | D:13     | 18420 ||| READING scroll of acquirement.
 18420 | D:13     | 18420 ||| ACQUIRING 702 gold pieces
 18420 | D:13     | Acquired 702 gold pieces
 18430 | D:13     | 18430 ||| INVOKING Heroism.
 18439 | D:13     | Reached skill level 15 in Axes
 18535 | D:13     | 18535 ||| INVOKING Heroism.
 18559 | D:13     | Noticed Nessos
 18560 | D:13     | 18560 ||| INVOKING Finesse.
 18565 | D:13     | Noticed Josephine
 18573 | D:13     | Killed Nessos
 18581 | D:13     | 18581 ||| INVOKING Heroism.
 18584 | D:13     | Killed Josephine
 18588 | D:13     | 18588 ||| READING 6 scrolls of teleportation.
 18657 | D:13     | Found a transporter.
 18660 | D:13     | Found a corrupted altar of Lugonu.
 18707 | D:13     | 18707 ||| Stepping ~*~*~tactically~*~*~ (stealth).
 18708 | D:13     | 18708 ||| Stepping ~*~*~tactically~*~*~ (stealth).
 18709 | D:13     | 18709 ||| Stepping ~*~*~tactically~*~*~ (stealth).
 18782 | D:13     | 18782 ||| FLEEEEING.
 18909 | D:13     | Found a transporter.
 18984 | D:14     | Reached skill level 12 in Fighting
 19035 | D:14     | 19035 ||| Stepping ~*~*~tactically~*~*~ (stealth).
 19072 | D:14     | 19072 ||| Stepping ~*~*~tactically~*~*~ (stealth).
 19079 | D:14     | 19079 ||| Stepping ~*~*~tactically~*~*~ (stealth).
 19117 | D:14     | 19117 ||| READING scroll of enchant weapon.
 19117 | D:14     | 19117 ||| ENCHANTING +2 broad axe.
 19162 | D:14     | 19162 ||| Stepping ~*~*~tactically~*~*~ (hiding).
 19164 | D:14     | 19164 ||| INVOKING Heroism.
 19361 | D:14     | Noticed Jorgrun
 19362 | D:14     | 19362 ||| INVOKING Heroism.
 19363 | D:14     | 19363 ||| INVOKING Finesse.
 19380 | D:14     | Killed Jorgrun
 19430 | D:14     | 19430 ||| INVOKING Heroism.
 19484 | D:14     | 19484 ||| Stepping ~*~*~tactically~*~*~ (stealth).
 19486 | D:14     | 19486 ||| Stepping ~*~*~tactically~*~*~ (hiding).
 19505 | D:14     | Received a gift from Okawaru
 19547 | D:14     | 19547 ||| INVOKING Heroism.
 19548 | D:14     | 19548 ||| Stepping ~*~*~tactically~*~*~ (stealth).
 19681 | D:14     | 19681 ||| Stepping ~*~*~tactically~*~*~ (stealth).
 19707 | D:14     | 19707 ||| Stepping ~*~*~tactically~*~*~ (stealth).
 19709 | D:14     | 19709 ||| INVOKING Heroism.
 19710 | D:14     | 19710 ||| SWAPPING to +7 hand axe of Linearity {flame,
                  | rElec Str+9 Dex-2 Stlth+}.
 19716 | D:14     | Identified the +2 rapier of the Scorpion {freeze, rN+ Str+6
                  | Dex+4} (Okawaru gifted it to you on level 14 of the
                  | Dungeon)
 19716 | D:14     | Received a gift from Okawaru
 19717 | D:14     | 19717 ||| SWAPPING to +3 broad axe.
 19773 | D:14     | Found a gate to the Vaults.
 19975 | D:14     | 19975 ||| INVOKING Heroism.
 20065 | D:15     | Entered Level 15 of the Dungeon
 20066 | D:15     | 20066 ||| INVOKING Heroism.
 20067 | D:15     | 20067 ||| INVOKING Finesse.
 20069 | D:15     | 20069 ||| STAIRDANCE
 20075 | D:14     | Reached skill level 6 in Throwing
 20109 | D:15     | 20109 ||| STAIRDANCE
 20111 | D:14     | 20111 ||| INVOKING Heroism.
 20112 | D:14     | 20112 ||| SWAPPING to +7 hand axe of Linearity {flame,
                  | rElec Str+9 Dex-2 Stlth+}.
 20119 | D:14     | 20119 ||| SWAPPING to +3 broad axe.
 20135 | D:15     | 20135 ||| STAIRDANCE
 20157 | D:15     | 20157 ||| STAIRDANCE
 20215 | D:15     | Reached XP level 16. HP: 101/101 MP: 23/23
 20234 | D:15     | 20234 ||| INVOKING Heroism.
 20235 | D:15     | 20235 ||| INVOKING Finesse.
 20239 | D:15     | 20239 ||| SWAPPING to +7 hand axe of Linearity {flame,
                  | rElec Str+9 Dex-2 Stlth+}.
 20244 | D:15     | 20244 ||| SWAPPING to +3 broad axe.
 20288 | D:15     | 20288 ||| Stepping ~*~*~tactically~*~*~ (stealth).
 20290 | D:15     | 20290 ||| Stepping ~*~*~tactically~*~*~ (hiding).
 20292 | D:15     | 20292 ||| INVOKING Heroism.
 20361 | D:15     | 20361 ||| Stepping ~*~*~tactically~*~*~ (stealth).
 20362 | D:15     | 20362 ||| Stepping ~*~*~tactically~*~*~ (stealth).
 20363 | D:15     | 20363 ||| Stepping ~*~*~tactically~*~*~ (stealth).
 20385 | D:15     | 20385 ||| Stepping ~*~*~tactically~*~*~ (stealth).
 20387 | D:15     | 20387 ||| INVOKING Heroism.
 20545 | D:15     | 20545 ||| INVOKING Heroism.
 20585 | D:15     | Received a gift from Okawaru
 20758 | D:15     | 20758 ||| Stepping ~*~*~tactically~*~*~ (stealth).
 20759 | D:15     | 20759 ||| Stepping ~*~*~tactically~*~*~ (stealth).
 20770 | D:15     | 20770 ||| Stepping ~*~*~tactically~*~*~ (hiding).
 20772 | D:15     | 20772 ||| INVOKING Heroism.
 20794 | D:15     | Received a gift from Okawaru
 20795 | D:15     | Reached skill level 15 in Armour
 20795 | D:15     | 20795 ||| Stepping ~*~*~tactically~*~*~ (hiding).
 20816 | D:15     | Found a staircase to the Depths.
 20834 | D:15     | 20834 ||| INVOKING Heroism.
 20962 | D:15     | 20962 ||| INVOKING Heroism.
 20963 | D:15     | 20963 ||| INVOKING Finesse.
 21031 | D:15     | Found a white marble altar of Elyvilon.
 21123 | D:15     | 21123 ||| Stepping ~*~*~tactically~*~*~ (hiding).
 21124 | D:15     | 21124 ||| Stepping ~*~*~tactically~*~*~ (hiding).
 21293 | D:15     | 21293 ||| INVOKING Heroism.
 21312 | D:15     | 21312 ||| PLANNING ORC
 21316 | D:15     | 21316 ||| INVOKING Heroism.
 21442 | Orc:1    | Entered Level 1 of the Orcish Mines
 21448 | Orc:1    | 21448 ||| Stepping ~*~*~tactically~*~*~ (stealth).
 21449 | Orc:1    | 21449 ||| INVOKING Heroism.
 21452 | Orc:1    | 21452 ||| Stepping ~*~*~tactically~*~*~ (stealth).
 21600 | Orc:2    | Entered Level 2 of the Orcish Mines
 21600 | Orc:2    | Noticed Snorg
 21600 | Orc:2    | Found a staircase to the Elven Halls.
 21601 | Orc:2    | 21601 ||| INVOKING Finesse.
 21602 | Orc:2    | 21602 ||| STAIRDANCE
 21615 | Orc:1    | 21615 ||| INVOKING Heroism.
 21617 | Orc:1    | Killed Snorg
 21620 | Orc:2    | 21620 ||| STAIRDANCE
 21656 | Orc:2    | 21656 ||| INVOKING Finesse.
 21657 | Orc:2    | Found Cohopnux's Jewellery Shop.
 21658 | Orc:2    | 21658 ||| INVOKING Heroism.
 21660 | Orc:2    | 21660 ||| STAIRDANCE
 21661 | Orc:1    | Found Viseqyt's Distillery.
 21754 | Orc:2    | 21754 ||| BUYING amulet of the acrobat (360 gold).
 21754 | Orc:2    | Bought an amulet of the acrobat for 360 gold pieces
 21754 | Orc:2    | 21754 ||| BUYING ring of protection from cold (300 gold).
 21754 | Orc:2    | Bought a ring of protection from cold for 300 gold pieces
 21754 | Orc:2    | 21754 ||| BUYING ring of protection from cold (300 gold).
 21754 | Orc:2    | Bought a ring of protection from cold for 300 gold pieces
 21771 | Orc:2    | 21771 ||| INVOKING Heroism.
 21772 | Orc:2    | 21772 ||| INVOKING Finesse.
 21795 | Orc:2    | 21795 ||| Stepping ~*~*~tactically~*~*~ (stealth).
 21795 | Orc:2    | Found Jumoseezo's General Store.
 21825 | Orc:2    | 21825 ||| BUYING potion of attraction (45 gold).
 21825 | Orc:2    | Bought a potion of attraction for 45 gold pieces
 21825 | Orc:2    | 21825 ||| BUYING potion of lignification (45 gold).
 21825 | Orc:2    | Bought a potion of lignification for 45 gold pieces
 21825 | Orc:2    | 21825 ||| BUYING scroll of teleportation (45 gold).
 21825 | Orc:2    | Bought a scroll of teleportation for 45 gold pieces
 21866 | Orc:2    | 21866 ||| Stepping ~*~*~tactically~*~*~ (stealth).
 21868 | Orc:2    | 21868 ||| Stepping ~*~*~tactically~*~*~ (stealth).
 21874 | Orc:2    | 21874 ||| FLEEEEING.
 21875 | Orc:2    | 21875 ||| FLEEEEING.
 21876 | Orc:2    | 21876 ||| FLEEEEING.
 21877 | Orc:2    | 21877 ||| FLEEEEING.
 21878 | Orc:2    | 21878 ||| FLEEEEING.
 21879 | Orc:2    | 21879 ||| FLEEEEING.
 21880 | Orc:2    | 21880 ||| FLEEEEING.
 21881 | Orc:2    | 21881 ||| FLEEEEING.
 21882 | Orc:2    | 21882 ||| FLEEEEING.
 21883 | Orc:2    | 21883 ||| FLEEEEING.
 21884 | Orc:2    | 21884 ||| FLEEEEING.
 21885 | Orc:2    | 21885 ||| FLEEEEING.
 21886 | Orc:2    | 21886 ||| FLEEEEING.
 21887 | Orc:2    | 21887 ||| FLEEEEING.
 21888 | Orc:2    | 21888 ||| FLEEEEING.
 21888 | Orc:2    | HP: 16/101 [stone giant/large rock (31)]
 21889 | Orc:2    | 21889 ||| STAIRDANCE
 22123 | Orc:1    | 22123 ||| UPGRADING to amulet of the acrobat.
 22130 | Orc:2    | 22130 ||| STAIRDANCE
 22132 | Orc:1    | 22132 ||| INVOKING Heroism.
 22222 | Orc:2    | 22222 ||| INVOKING Heroism.
 22231 | Orc:2    | 22231 ||| INVOKING Finesse.
 22283 | Orc:2    | Found Rekhor's Antique Armour Shop.
 22464 | Orc:1    | 22464 ||| BUYING 2 potions of attraction (84 gold).
 22464 | Orc:1    | Bought 2 potions of attraction for 84 gold pieces
 22464 | Orc:1    | 22464 ||| BUYING potion of heal wounds (70 gold).
 22464 | Orc:1    | Bought a potion of heal wounds for 70 gold pieces
 22464 | Orc:1    | 22464 ||| BUYING potion of lignification (42 gold).
 22464 | Orc:1    | Bought a potion of lignification for 42 gold pieces
 22464 | Orc:1    | 22464 ||| BUYING potion of might (56 gold).
 22464 | Orc:1    | Bought a potion of might for 56 gold pieces
 22551 | Orc:1    | 22551 ||| Stepping ~*~*~tactically~*~*~ (stealth).
 22556 | Orc:1    | 22556 ||| Stepping ~*~*~tactically~*~*~ (stealth).
 22714 | Orc:2    | Found Ufiusad's Antique Weapon Emporium.
 22792 | Orc:2    | 22792 ||| PLANNING SWAMP:1-3
 22964 | Swamp:1  | Entered Level 1 of the Swamp
 22978 | Swamp:1  | 22978 ||| Stepping ~*~*~tactically~*~*~ (stealth).
 23115 | Swamp:1  | 23115 ||| INVOKING Heroism.
 23116 | Swamp:1  | 23116 ||| SWAPPING to +7 hand axe of Linearity {flame,
                  | rElec Str+9 Dex-2 Stlth+}.
 23124 | Swamp:1  | 23124 ||| SWAPPING to +3 broad axe.
 23280 | Swamp:1  | 23280 ||| Stepping ~*~*~tactically~*~*~ (hiding).
 23292 | Swamp:1  | Noticed Mlioglotl
 23293 | Swamp:1  | 23293 ||| INVOKING Heroism.
 23294 | Swamp:1  | 23294 ||| INVOKING Finesse.
 23303 | Swamp:1  | Killed Mlioglotl
 23304 | Swamp:1  | 23304 ||| Stepping ~*~*~tactically~*~*~ (hiding).
 23408 | Swamp:1  | 23408 ||| INVOKING Heroism.
 23545 | Swamp:1  | 23545 ||| Stepping ~*~*~tactically~*~*~ (hiding).
 23546 | Swamp:1  | 23546 ||| Stepping ~*~*~tactically~*~*~ (hiding).
 23808 | Swamp:1  | 23808 ||| DROPPING ring of ice.
 23836 | Swamp:2  | 23836 ||| INVOKING Heroism.
 23849 | Swamp:2  | Received a gift from Okawaru
 23956 | Swamp:2  | Noticed Nikola
 23957 | Swamp:2  | 23957 ||| INVOKING Heroism.
 23958 | Swamp:2  | 23958 ||| INVOKING Finesse.
 23970 | Swamp:2  | Killed Nikola
 23983 | Swamp:2  | 23983 ||| Stepping ~*~*~tactically~*~*~ (hiding).
 23987 | Swamp:2  | 23987 ||| Stepping ~*~*~tactically~*~*~ (stealth).
 23992 | Swamp:2  | 23992 ||| Stepping ~*~*~tactically~*~*~ (stealth).
 23993 | Swamp:2  | 23993 ||| Stepping ~*~*~tactically~*~*~ (stealth).
 23994 | Swamp:2  | 23994 ||| Stepping ~*~*~tactically~*~*~ (stealth).
 23997 | Swamp:2  | 23997 ||| Stepping ~*~*~tactically~*~*~ (stealth).
 24010 | Swamp:2  | Reached XP level 17. HP: 66/108 MP: 21/24
 24214 | Swamp:2  | Reached skill level 13 in Fighting
 24275 | Swamp:2  | 24275 ||| INVOKING Heroism.
 24399 | Swamp:2  | 24399 ||| INVOKING Heroism.
 24635 | Swamp:2  | 24635 ||| DROPPING +1 hat.
 24679 | Swamp:3  | 24679 ||| STAIRDANCE
 24681 | Swamp:2  | 24681 ||| INVOKING Heroism.
 24697 | Swamp:3  | Identified the +5 crystal plate armour "Toet" {rC+}
                  | (Okawaru gifted it to you on level 3 of the Swamp)
 24697 | Swamp:3  | Received a gift from Okawaru
 24822 | Swamp:3  | 24822 ||| Stepping ~*~*~tactically~*~*~ (hiding).
 24823 | Swamp:3  | 24823 ||| INVOKING Heroism.
 24824 | Swamp:3  | 24824 ||| Stepping ~*~*~tactically~*~*~ (hiding).
 24826 | Swamp:3  | 24826 ||| SWAPPING to +7 hand axe of Linearity {flame,
                  | rElec Str+9 Dex-2 Stlth+}.
 24829 | Swamp:3  | 24829 ||| SWAPPING to +3 broad axe.
 24914 | Swamp:3  | 24914 ||| INVOKING Heroism.
 24995 | Swamp:3  | 24995 ||| INVOKING Heroism.
 24996 | Swamp:3  | 24996 ||| SWAPPING to +7 hand axe of Linearity {flame,
                  | rElec Str+9 Dex-2 Stlth+}.
 25000 | Swamp:3  | 25000 ||| Stepping ~*~*~tactically~*~*~ (cloud).
 25001 | Swamp:3  | 25001 ||| SWAPPING to +3 broad axe.
 25047 | Swamp:3  | 25047 ||| Stepping ~*~*~tactically~*~*~ (hiding).
 25212 | Swamp:3  | 25212 ||| Stepping ~*~*~tactically~*~*~ (hiding).
 25214 | Swamp:3  | 25214 ||| Stepping ~*~*~tactically~*~*~ (hiding).
 25216 | Swamp:3  | 25216 ||| Stepping ~*~*~tactically~*~*~ (stealth).
 25225 | Swamp:3  | 25225 ||| Stepping ~*~*~tactically~*~*~ (stealth).
 25227 | Swamp:3  | 25227 ||| Stepping ~*~*~tactically~*~*~ (hiding).
 25347 | Swamp:3  | 25347 ||| PLANNING SPIDER:1-3
 25347 | Swamp:3  | 25347 ||| DROPPING ring of willpower.
 25454 | Spider:1 | Entered Level 1 of the Spider Nest
 25482 | Spider:1 | 25482 ||| Stepping ~*~*~tactically~*~*~ (stealth).
 25485 | Spider:1 | 25485 ||| Stepping ~*~*~tactically~*~*~ (stealth).
 25486 | Spider:1 | 25486 ||| INVOKING Heroism.
 25487 | Spider:1 | 25487 ||| INVOKING Finesse.
 25492 | Spider:1 | 25492 ||| Stepping ~*~*~tactically~*~*~ (stealth).
 25575 | Spider:1 | 25575 ||| INVOKING Heroism.
 25735 | Spider:1 | 25735 ||| Stepping ~*~*~tactically~*~*~ (stealth).
 25787 | Spider:1 | 25787 ||| INVOKING Heroism.
 25827 | Spider:1 | Found a frozen archway.
 25956 | Spider:1 | Identified the +11 dagger "Wylig" {elec, Int+4}
 26006 | Spider:2 | 26006 ||| STAIRDANCE
 26034 | Spider:2 | 26034 ||| STAIRDANCE
 26177 | Spider:2 | 26177 ||| Stepping ~*~*~tactically~*~*~ (stealth).
 26198 | Spider:2 | 26198 ||| Stepping ~*~*~tactically~*~*~ (stealth).
 26215 | Spider:2 | Reached skill level 18 in Axes
 26217 | Spider:2 | 26217 ||| INVOKING Heroism.
 26219 | Spider:2 | 26219 ||| INVOKING Finesse.
 26220 | Spider:2 | 26220 ||| INVOKING Finesse.
 26223 | Spider:2 | 26223 ||| Stepping ~*~*~tactically~*~*~ (hiding).
 26245 | Spider:2 | Reached skill level 3 in Dodging
 26248 | Spider:2 | 26248 ||| Stepping ~*~*~tactically~*~*~ (stealth).
 26250 | Spider:2 | 26250 ||| Stepping ~*~*~tactically~*~*~ (stealth).
 26251 | Spider:2 | 26251 ||| Stepping ~*~*~tactically~*~*~ (stealth).
 26354 | Spider:2 | 26354 ||| Stepping ~*~*~tactically~*~*~ (stealth).
 26459 | Spider:2 | 26459 ||| Stepping ~*~*~tactically~*~*~ (stealth).
 26560 | Spider:2 | 26560 ||| INVOKING Heroism.
 26561 | Spider:2 | 26561 ||| INVOKING Finesse.
 26745 | Spider:2 | 26745 ||| Stepping ~*~*~tactically~*~*~ (stealth).
 26746 | Spider:2 | 26746 ||| Stepping ~*~*~tactically~*~*~ (stealth).
 26749 | Spider:2 | 26749 ||| Stepping ~*~*~tactically~*~*~ (stealth).
 26822 | Spider:2 | 26822 ||| INVOKING Heroism.
 26887 | Spider:2 | 26887 ||| INVOKING Heroism.
 26916 | Spider:2 | 26916 ||| INVOKING Heroism.
 27109 | Spider:2 | 27109 ||| DROPPING ring of see invisible.
 27110 | Spider:2 | 27110 ||| DROPPING +4 ring of slaying {mikee}.
 27130 | Spider:3 | 27130 ||| STAIRDANCE
 27138 | Spider:3 | 27138 ||| STAIRDANCE
 27140 | Spider:2 | 27140 ||| INVOKING Heroism.
 27182 | Spider:3 | 27182 ||| STAIRDANCE
 27195 | Spider:3 | 27195 ||| STAIRDANCE
 27224 | Spider:3 | 27224 ||| STAIRDANCE
 27265 | Spider:3 | 27265 ||| STAIRDANCE
 27273 | Spider:2 | 27273 ||| Stepping ~*~*~tactically~*~*~ (stealth).
 27327 | Spider:3 | 27327 ||| FLEEEEING.
 27328 | Spider:3 | 27328 ||| STAIRDANCE
 27364 | Spider:3 | 27364 ||| STAIRDANCE
 27401 | Spider:3 | 27401 ||| INVOKING Finesse.
 27402 | Spider:3 | 27402 ||| INVOKING Heroism.
 27417 | Spider:3 | 27417 ||| Stepping ~*~*~tactically~*~*~ (hiding).
 27484 | Spider:3 | Identified the +1 leather armour of Noaneur {rF+ Will+
                  | Str-5 Int+4}
 27551 | Spider:3 | 27551 ||| Stepping ~*~*~tactically~*~*~ (stealth).
 27570 | Spider:3 | 27570 ||| Stepping ~*~*~tactically~*~*~ (stealth).
 27610 | Spider:3 | 27610 ||| Stepping ~*~*~tactically~*~*~ (stealth).
 27611 | Spider:3 | 27611 ||| Stepping ~*~*~tactically~*~*~ (stealth).
 27612 | Spider:3 | 27612 ||| INVOKING Heroism.
 27614 | Spider:3 | Received a gift from Okawaru
 27729 | Spider:3 | Reached XP level 18. HP: 111/115 MP: 25/25
 27739 | Spider:3 | 27739 ||| DROPPING +7 hand axe of Linearity {flame, rElec
                  | Str+9 Dex-2 Stlth+}.
 27795 | Spider:3 | 27795 ||| Stepping ~*~*~tactically~*~*~ (hiding).
 27796 | Spider:3 | 27796 ||| Stepping ~*~*~tactically~*~*~ (hiding).
 27798 | Spider:3 | 27798 ||| Stepping ~*~*~tactically~*~*~ (stealth).
 27950 | Spider:3 | 27950 ||| INVOKING Finesse.
 28056 | Spider:3 | 28056 ||| PLANNING SWAMP:4
 28222 | Swamp:4  | Entered Level 4 of the Swamp
 28231 | Swamp:4  | 28231 ||| INVOKING Heroism.
 28232 | Swamp:4  | 28232 ||| INVOKING Finesse.
 28313 | Swamp:4  | 28313 ||| DROPPING +0 vorpal war axe.
 28363 | Swamp:4  | 28363 ||| INVOKING Heroism.
 28379 | Swamp:4  | Received a gift from Okawaru
 28380 | Swamp:4  | 28380 ||| Stepping ~*~*~tactically~*~*~ (cloud).
 28507 | Swamp:4  | 28507 ||| SWAPPING to +1 broad axe of freezing.
 28508 | Swamp:4  | 28508 ||| DROPPING +3 broad axe.
 28521 | Swamp:4  | 28521 ||| Stepping ~*~*~tactically~*~*~ (hiding).
 28524 | Swamp:4  | 28524 ||| INVOKING Heroism.
 28538 | Swamp:4  | Reached skill level 14 in Fighting
 28694 | Swamp:4  | 28694 ||| Stepping ~*~*~tactically~*~*~ (stealth).
 28695 | Swamp:4  | 28695 ||| INVOKING Heroism.
 28730 | Swamp:4  | 28730 ||| INVOKING Heroism.
 28760 | Swamp:4  | 28760 ||| INVOKING Heroism.
 28794 | Swamp:4  | HP: 29/116 [nine-headed hydra (5)]
 28795 | Swamp:4  | 28795 ||| READING 9 scrolls of teleportation.
 28796 | Swamp:4  | 28796 ||| DRINKING 7 potions of heal wounds.
 28799 | Swamp:4  | 28799 ||| DRINKING 6 potions of heal wounds.
 28818 | Swamp:4  | 28818 ||| FLEEEEING.
 28819 | Swamp:4  | 28819 ||| FLEEEEING.
 28820 | Swamp:4  | 28820 ||| FLEEEEING.
 28821 | Swamp:4  | 28821 ||| FLEEEEING.
 28822 | Swamp:4  | 28822 ||| STAIRDANCE
 28966 | Swamp:4  | 28966 ||| Stepping ~*~*~tactically~*~*~ (hiding).
 28969 | Swamp:4  | 28969 ||| Stepping ~*~*~tactically~*~*~ (hiding).
 28972 | Swamp:4  | 28972 ||| Stepping ~*~*~tactically~*~*~ (hiding).
 28978 | Swamp:4  | 28978 ||| STAIRDANCE
 29076 | Swamp:4  | 29076 ||| INVOKING Heroism.
 29103 | Swamp:4  | 29103 ||| Stepping ~*~*~tactically~*~*~ (hiding).
 29203 | Swamp:4  | 29203 ||| INVOKING Heroism.
 29245 | Swamp:4  | Got a decaying rune of Zot
 29277 | Swamp:4  | 29277 ||| Stepping ~*~*~tactically~*~*~ (stealth).
 29279 | Swamp:4  | 29279 ||| INVOKING Heroism.
 29325 | Swamp:4  | 29325 ||| INVOKING Heroism.
 29329 | Swamp:4  | Reached skill level 18 in Armour
 29531 | Swamp:4  | 29531 ||| PLANNING VAULTS:1-4
 29531 | Swamp:4  | 29531 ||| DROPPING +6 ring of intelligence.
 29790 | Vaults:1 | Entered Level 1 of the Vaults
 29816 | Vaults:1 | Found Xarriqy's Armour Shop.
 29828 | Vaults:1 | 29828 ||| INVOKING Heroism.
 29839 | Vaults:1 | Received a gift from Okawaru
 29954 | Vaults:1 | 29954 ||| INVOKING Heroism.
 29955 | Vaults:1 | 29955 ||| INVOKING Finesse.
 29992 | Vaults:1 | Received a gift from Okawaru
 30156 | Vaults:1 | You are sucked into a shaft and drop 1 floor!
 30198 | Vaults:2 | 30198 ||| Stepping ~*~*~tactically~*~*~ (stealth).
 30204 | Vaults:2 | 30204 ||| INVOKING Heroism.
 30213 | Vaults:2 | Reached skill level 15 in Fighting
 30269 | Vaults:2 | 30269 ||| INVOKING Heroism.
 30300 | Vaults:2 | 30300 ||| Stepping ~*~*~tactically~*~*~ (hiding).
 30333 | Vaults:2 | 30333 ||| Stepping ~*~*~tactically~*~*~ (hiding).
 30373 | Vaults:2 | 30373 ||| Stepping ~*~*~tactically~*~*~ (hiding).
 30374 | Vaults:2 | 30374 ||| Stepping ~*~*~tactically~*~*~ (hiding).
 30719 | Vaults:1 | 30719 ||| INVOKING Finesse.
 30961 | Vaults:1 | 30961 ||| Stepping ~*~*~tactically~*~*~ (stealth).
 30962 | Vaults:1 | 30962 ||| Stepping ~*~*~tactically~*~*~ (stealth).
 30970 | Vaults:1 | 30970 ||| Stepping ~*~*~tactically~*~*~ (stealth).
 31221 | Vaults:1 | 31221 ||| INVOKING Heroism.
 31458 | Vaults:1 | 31458 ||| Stepping ~*~*~tactically~*~*~ (hiding).
 31487 | Vaults:1 | 31487 ||| Stepping ~*~*~tactically~*~*~ (hiding).
 31491 | Vaults:1 | 31491 ||| Stepping ~*~*~tactically~*~*~ (hiding).
 31498 | Vaults:1 | Identified the +1 ring mail of Mysticism {rPois} (Okawaru
                  | gifted it to you on level 1 of the Vaults)
 31498 | Vaults:1 | Received a gift from Okawaru
 31853 | Vaults:1 | 31853 ||| INVOKING Heroism.
 31975 | Vaults:1 | 31975 ||| Stepping ~*~*~tactically~*~*~ (stealth).
 31982 | Vaults:1 | 31982 ||| Stepping ~*~*~tactically~*~*~ (stealth).
 32140 | Vaults:2 | 32140 ||| STAIRDANCE
 32243 | Vaults:2 | 32243 ||| Stepping ~*~*~tactically~*~*~ (stealth).
 32251 | Vaults:2 | 32251 ||| INVOKING Heroism.
 32256 | Vaults:2 | 32256 ||| Stepping ~*~*~tactically~*~*~ (hiding).
 32257 | Vaults:2 | 32257 ||| Stepping ~*~*~tactically~*~*~ (hiding).
 32265 | Vaults:2 | Reached XP level 19. HP: 123/124 MP: 26/26
 32285 | Vaults:2 | Reached skill level 15 in Shields
 32335 | Vaults:2 | 32335 ||| Stepping ~*~*~tactically~*~*~ (stealth).
 32404 | Vaults:2 | 32404 ||| INVOKING Heroism.
 32485 | Vaults:2 | 32485 ||| INVOKING Heroism.
 32607 | Vaults:2 | 32607 ||| Stepping ~*~*~tactically~*~*~ (hiding).
 32791 | Vaults:2 | 32791 ||| Stepping ~*~*~tactically~*~*~ (hiding).
 32799 | Vaults:2 | 32799 ||| Stepping ~*~*~tactically~*~*~ (stealth).
 32900 | Vaults:2 | Reached skill level 16 in Fighting
 32907 | Vaults:2 | 32907 ||| INVOKING Heroism.
 33045 | Vaults:2 | Received a gift from Okawaru
 33508 | Vaults:3 | 33508 ||| STAIRDANCE
 33540 | Vaults:3 | 33540 ||| STAIRDANCE
 33568 | Vaults:2 | Identified the +3 troll leather armour of Kleptomania
                  | {Rampage rElec rPois Regen+ Int+4} (Okawaru gifted it to
                  | you on level 2 of the Vaults)
 33568 | Vaults:2 | Received a gift from Okawaru
 33689 | Vaults:3 | 33689 ||| INVOKING Heroism.
 33692 | Vaults:3 | 33692 ||| Stepping ~*~*~tactically~*~*~ (hiding).
 33696 | Vaults:3 | 33696 ||| Stepping ~*~*~tactically~*~*~ (hiding).
 33798 | Vaults:3 | 33798 ||| Stepping ~*~*~tactically~*~*~ (stealth).
 33799 | Vaults:3 | 33799 ||| Stepping ~*~*~tactically~*~*~ (stealth).
 33801 | Vaults:3 | 33801 ||| Stepping ~*~*~tactically~*~*~ (stealth).
 33802 | Vaults:3 | 33802 ||| Stepping ~*~*~tactically~*~*~ (stealth).
 33806 | Vaults:3 | 33806 ||| Stepping ~*~*~tactically~*~*~ (stealth).
 33807 | Vaults:3 | 33807 ||| Stepping ~*~*~tactically~*~*~ (stealth).
 33808 | Vaults:3 | 33808 ||| Stepping ~*~*~tactically~*~*~ (stealth).
 33819 | Vaults:3 | 33819 ||| INVOKING Heroism.
 33971 | Vaults:3 | 33971 ||| Stepping ~*~*~tactically~*~*~ (hiding).
 34109 | Vaults:3 | 34109 ||| INVOKING Heroism.
 34132 | Vaults:3 | 34132 ||| INVOKING Heroism.
 34161 | Vaults:3 | 34161 ||| Stepping ~*~*~tactically~*~*~ (hiding).
 34179 | Vaults:3 | 34179 ||| INVOKING Heroism.
 34458 | Vaults:3 | Noticed Margery
 34459 | Vaults:3 | 34459 ||| Stepping ~*~*~tactically~*~*~ (hiding).
 34464 | Vaults:3 | 34464 ||| INVOKING Heroism.
 34473 | Vaults:3 | Killed Margery
 34474 | Vaults:3 | Reached skill level 17 in Fighting
 34488 | Vaults:3 | 34488 ||| INVOKING Heroism.
 34500 | Vaults:3 | HP: 32/128 [centaur warrior (9)]
 34501 | Vaults:3 | 34501 ||| READING 13 scrolls of teleportation.
 34502 | Vaults:3 | 34502 ||| DRINKING 7 potions of heal wounds.
 34845 | Vaults:3 | 34845 ||| INVOKING Heroism.
 34972 | Vaults:3 | 34972 ||| Stepping ~*~*~tactically~*~*~ (hiding).
 35089 | Vaults:3 | Found a staircase to the Crypt.
 35121 | Vaults:3 | 35121 ||| Stepping ~*~*~tactically~*~*~ (stealth).
 35133 | Vaults:3 | Identified the +0 scale mail of Nupytar {rC+++ Str+4 Int-3
                  | SInv} (Okawaru gifted it to you on level 3 of the Vaults)
 35133 | Vaults:3 | Received a gift from Okawaru
 35206 | Vaults:3 | Found Ceahaax's Book Emporium.
 35206 | Vaults:3 | Identified the +8 spear "Ategoyrph" {venom, rN+}
 35225 | Vaults:3 | 35225 ||| Stepping ~*~*~tactically~*~*~ (hiding).
 35227 | Vaults:3 | 35227 ||| Stepping ~*~*~tactically~*~*~ (hiding).
 35840 | Vaults:4 | Reached XP level 20. HP: 131/134 MP: 27/27
 35913 | Vaults:4 | 35913 ||| Stepping ~*~*~tactically~*~*~ (hiding).
 35924 | Vaults:4 | 35924 ||| INVOKING Heroism.
 35931 | Vaults:4 | 35931 ||| Stepping ~*~*~tactically~*~*~ (stealth).
 35943 | Vaults:4 | 35943 ||| Stepping ~*~*~tactically~*~*~ (stealth).
 35980 | Vaults:4 | 35980 ||| INVOKING Heroism.
 35984 | Vaults:4 | 35984 ||| Stepping ~*~*~tactically~*~*~ (hiding).
 36073 | Vaults:4 | 36073 ||| Stepping ~*~*~tactically~*~*~ (stealth).
 36077 | Vaults:4 | 36077 ||| INVOKING Heroism.
 36139 | Vaults:4 | 36139 ||| INVOKING Heroism.
 36140 | Vaults:4 | 36140 ||| Stepping ~*~*~tactically~*~*~ (hiding).
 36262 | Vaults:4 | 36262 ||| INVOKING Finesse.
 36358 | Vaults:4 | 36358 ||| INVOKING Finesse.
 36364 | Vaults:4 | 36364 ||| INVOKING Heroism.
 36502 | Vaults:4 | 36502 ||| Stepping ~*~*~tactically~*~*~ (stealth).
 36510 | Vaults:4 | 36510 ||| INVOKING Heroism.
 36536 | Vaults:4 | 36536 ||| Stepping ~*~*~tactically~*~*~ (stealth).
 36559 | Vaults:4 | Reached skill level 21 in Armour
 36579 | Vaults:4 | 36579 ||| Stepping ~*~*~tactically~*~*~ (hiding).
 36589 | Vaults:4 | 36589 ||| FLEEEEING.
 37001 | Vaults:4 | 37001 ||| INVOKING Heroism.
 37321 | Vaults:4 | 37321 ||| PLANNING SPIDER:4
 37640 | Spider:4 | Entered Level 4 of the Spider Nest
 37643 | Spider:4 | 37643 ||| INVOKING Finesse.
 37856 | Spider:4 | 37856 ||| INVOKING Heroism.
 37869 | Spider:4 | Received a gift from Okawaru
 37895 | Spider:4 | Reached skill level 18 in Fighting
 37925 | Spider:4 | 37925 ||| INVOKING Heroism.
 37937 | Spider:4 | Received a gift from Okawaru
 37955 | Spider:4 | 37955 ||| FLEEEEING.
 37959 | Spider:4 | 37959 ||| FLEEEEING.
 37960 | Spider:4 | 37960 ||| FLEEEEING.
 37961 | Spider:4 | 37961 ||| STAIRDANCE
 38559 | Spider:4 | 38559 ||| Stepping ~*~*~tactically~*~*~ (hiding).
 38791 | Spider:4 | 38791 ||| Stepping ~*~*~tactically~*~*~ (stealth).
 38792 | Spider:4 | 38792 ||| Stepping ~*~*~tactically~*~*~ (stealth).
 38910 | Spider:4 | Got a gossamer rune of Zot
 38990 | Spider:4 | 38990 ||| PLANNING DEPTHS
 39090 | Spider:4 | 39090 ||| DROPPING scarf of repulsion.
 39091 | Spider:4 | 39091 ||| DROPPING scarf of invisibility.
 39092 | Spider:4 | 39092 ||| DROPPING +0 pair of boots of flying.
 39306 | Depths:1 | Entered Level 1 of the Depths
 39307 | Depths:1 | 39307 ||| INVOKING Heroism.
 39417 | Depths:1 | Noticed Louise
 39418 | Depths:1 | 39418 ||| Stepping ~*~*~tactically~*~*~ (hiding).
 39424 | Depths:1 | 39424 ||| Stepping ~*~*~tactically~*~*~ (hiding).
 39427 | Depths:1 | 39427 ||| Stepping ~*~*~tactically~*~*~ (hiding).
 39457 | Depths:1 | Killed Louise
 39536 | Depths:1 | Found a one-way gate to the infinite horrors of the Abyss.
 39544 | Depths:1 | Found Jilonlepy's Book Emporium.
 39548 | Depths:1 | Found Isevet's Jewellery Shoppe.
 39548 | Depths:1 | Found Nacyulem's Jewellery Emporium.
 39556 | Depths:1 | Found Cutoasch's Assorted Antiques.
 39595 | Depths:1 | 39595 ||| BUYING amulet of regeneration (540 gold).
 39595 | Depths:1 | Bought an amulet of regeneration for 540 gold pieces
 39595 | Depths:1 | 39595 ||| BUYING ring of a Million Visions {Fire rPois
                  | rN+++ MP-9 Str-5} (500 gold).
 39595 | Depths:1 | Bought the ring of a Million Visions {Fire rPois rN+++ MP-9
                  | Str-5} for 500 gold pieces
 39598 | Depths:1 | 39598 ||| BUYING faintly glowing helmet (437 gold).
 39598 | Depths:1 | Bought a faintly glowing helmet for 437 gold pieces
 39598 | Depths:1 | Identified the +1 helmet "Wolusku" {rPois} (You bought it
                  | in a shop on level 1 of the Depths)
 39598 | Depths:1 | 39598 ||| BUYING potion of curing (138 gold).
 39598 | Depths:1 | Bought a potion of curing for 138 gold pieces
 39601 | Depths:1 | 39601 ||| BUYING ring of protection from fire (550 gold).
 39601 | Depths:1 | Bought a ring of protection from fire for 550 gold pieces
 39601 | Depths:1 | 39601 ||| BUYING ring of protection from fire (550 gold).
 39601 | Depths:1 | Bought a ring of protection from fire for 550 gold pieces
 39618 | Depths:1 | 39618 ||| INVOKING Heroism.
 39619 | Depths:1 | 39619 ||| INVOKING Finesse.
 39689 | Depths:1 | 39689 ||| Stepping ~*~*~tactically~*~*~ (stealth).
 39701 | Depths:1 | Found a gateway to Hell.
 39813 | Depths:1 | Reached XP level 21. HP: 128/141 MP: 28/28
 39845 | Depths:1 | Found a one-way gateway to a ziggurat.
 39964 | Depths:1 | 39964 ||| Stepping ~*~*~tactically~*~*~ (hiding).
 39969 | Depths:1 | 39969 ||| Stepping ~*~*~tactically~*~*~ (hiding).
 39972 | Depths:1 | 39972 ||| Stepping ~*~*~tactically~*~*~ (hiding).
 39993 | Depths:1 | 39993 ||| INVOKING Heroism.
 39994 | Depths:1 | 39994 ||| INVOKING Finesse.
 40170 | Depths:1 | 40170 ||| INVOKING Heroism.
 40171 | Depths:1 | 40171 ||| INVOKING Finesse.
 40258 | Depths:1 | 40258 ||| INVOKING Heroism.
 40385 | Depths:1 | Found a runed translucent door.
 40432 | Depths:1 | 40432 ||| Stepping ~*~*~tactically~*~*~ (stealth).
 40537 | Depths:1 | 40537 ||| Stepping ~*~*~tactically~*~*~ (stealth).
 40550 | Depths:1 | 40550 ||| INVOKING Heroism.
 40823 | Depths:1 | 40823 ||| DROPPING +1 helmet "Wolusku" {rPois}.
 40824 | Depths:1 | 40824 ||| UPGRADING to amulet of reflection.
 40834 | Depths:1 | 40834 ||| DROPPING amulet of the acrobat.
 40835 | Depths:1 | 40835 ||| DROPPING amulet of regeneration.
 40836 | Depths:1 | 40836 ||| DROPPING ring of fire.
 40837 | Depths:1 | 40837 ||| DROPPING ring of a Million Visions {Fire rPois
                  | rN+++ MP-9 Str-5}.
 40968 | Depths:2 | 40968 ||| Stepping ~*~*~tactically~*~*~ (hiding).
 40974 | Depths:2 | Identified the +9 hand axe "Ibeif" {antimagic, rElec rN++
                  | Int+5} (Okawaru gifted it to you on level 2 of the Depths)
 40974 | Depths:2 | Received a gift from Okawaru
 40983 | Depths:2 | 40983 ||| INVOKING Heroism.
 40985 | Depths:2 | 40985 ||| INVOKING Finesse.
 41073 | Depths:2 | 41073 ||| Stepping ~*~*~tactically~*~*~ (stealth).
 41074 | Depths:2 | 41074 ||| Stepping ~*~*~tactically~*~*~ (stealth).
 41075 | Depths:2 | 41075 ||| Stepping ~*~*~tactically~*~*~ (stealth).
 41077 | Depths:2 | 41077 ||| INVOKING Finesse.
 41086 | Depths:2 | Reached skill level 19 in Fighting
 41435 | Depths:2 | Found a corrupted altar of Lugonu.
 41482 | Depths:2 | 41482 ||| FLEEEEING.
 41483 | Depths:2 | 41483 ||| FLEEEEING.
 41484 | Depths:2 | 41484 ||| FLEEEEING.
 41485 | Depths:2 | 41485 ||| FLEEEEING.
 41486 | Depths:2 | 41486 ||| FLEEEEING.
 41487 | Depths:2 | 41487 ||| FLEEEEING.
 41488 | Depths:2 | 41488 ||| FLEEEEING.
 41492 | Depths:2 | 41492 ||| FLEEEEING.
 41493 | Depths:2 | 41493 ||| FLEEEEING.
 41494 | Depths:2 | 41494 ||| FLEEEEING.
 41498 | Depths:2 | 41498 ||| FLEEEEING.
 41499 | Depths:2 | 41499 ||| FLEEEEING.
 41500 | Depths:2 | 41500 ||| FLEEEEING.
 41501 | Depths:2 | 41501 ||| FLEEEEING.
 41502 | Depths:2 | 41502 ||| FLEEEEING.
 41509 | Depths:2 | 41509 ||| INVOKING Heroism.
 41532 | Depths:2 | Found a one-way gate leading to the halls of Pandemonium.
 41604 | Depths:2 | 41604 ||| INVOKING Heroism.
 41743 | Depths:2 | 41743 ||| INVOKING Heroism.
 41744 | Depths:2 | 41744 ||| INVOKING Finesse.
 41763 | Depths:2 | Noticed a golden dragon
 41765 | Depths:2 | Noticed a juggernaut
 41775 | Depths:2 | Paralysed by a floating eye for 2 turns
 41791 | Depths:2 | Killed a golden dragon
 41793 | Depths:2 | HP: 28/144 [living spell/divine providence[a walking divine
                  | tome] (16)]
 41794 | Depths:2 | 41794 ||| READING 12 scrolls of teleportation.
 41794 | Depths:2 | HP: 7/144 [living spell/divine providence[a walking divine
                  | tome] (12)]
 41795 | Depths:2 | 41795 ||| DRINKING 9 potions of heal wounds.
 41796 | Depths:2 | 41796 ||| DRINKING 8 potions of heal wounds.
 42063 | Depths:2 | 42063 ||| Stepping ~*~*~tactically~*~*~ (stealth).
 42064 | Depths:2 | 42064 ||| INVOKING Heroism.
 42065 | Depths:2 | 42065 ||| INVOKING Finesse.
 42076 | Depths:2 | Killed a juggernaut
 42149 | Depths:2 | 42149 ||| INVOKING Heroism.
 42609 | Depths:2 | 42609 ||| INVOKING Heroism.
 42610 | Depths:2 | 42610 ||| STAIRDANCE
 42798 | Depths:3 | 42798 ||| Stepping ~*~*~tactically~*~*~ (stealth).
 42815 | Depths:3 | 42815 ||| INVOKING Heroism.
 42835 | Depths:3 | 42835 ||| Stepping ~*~*~tactically~*~*~ (hiding).
 42838 | Depths:3 | 42838 ||| INVOKING Heroism.
 42848 | Depths:3 | 42848 ||| INVOKING Finesse.
 42868 | Depths:3 | Reached skill level 20 in Fighting
 42880 | Depths:3 | Received a gift from Okawaru
 42978 | Depths:3 | 42978 ||| INVOKING Heroism.
 42979 | Depths:3 | 42979 ||| INVOKING Finesse.
 43024 | Depths:3 | 43024 ||| Stepping ~*~*~tactically~*~*~ (hiding).
 43029 | Depths:3 | 43029 ||| INVOKING Heroism.
 43154 | Depths:3 | 43154 ||| INVOKING Heroism.
 43155 | Depths:3 | 43155 ||| INVOKING Finesse.
 43166 | Depths:3 | 43166 ||| Stepping ~*~*~tactically~*~*~ (hiding).
 43227 | Depths:3 | Found Yghura's Book Boutique.
 43229 | Depths:3 | Found Muluosigoc's Jewellery Shoppe.
 43230 | Depths:3 | Found Orudull's Book Boutique.
 43231 | Depths:3 | 43231 ||| INVOKING Heroism.
 43269 | Depths:3 | 43269 ||| BUYING ring "Ezieth" {rPois rC+ rN+} (649 gold).
 43269 | Depths:3 | Bought the ring "Ezieth" {rPois rC+ rN+} for 649 gold
                  | pieces
 43269 | Depths:3 | 43269 ||| SHOPLISTING ring of Penwysowy {Wiz rC+ SInv
                  | Stlth+} (867 gold, have 456).
 43288 | Depths:3 | Identified the +8 dagger "Wamp" {flame, Will++ MP+9 Dex+3}
 43297 | Depths:3 | 43297 ||| Stepping ~*~*~tactically~*~*~ (stealth).
 43301 | Depths:3 | 43301 ||| INVOKING Heroism.
 43302 | Depths:3 | 43302 ||| Stepping ~*~*~tactically~*~*~ (hiding).
 43305 | Depths:3 | 43305 ||| Stepping ~*~*~tactically~*~*~ (hiding).
 43432 | Depths:3 | 43432 ||| INVOKING Heroism.
 43457 | Depths:3 | Reached XP level 22. HP: 148/152 MP: 29/29
 43466 | Depths:3 | 43466 ||| Stepping ~*~*~tactically~*~*~ (hiding).
 43477 | Depths:3 | Identified the +9 hand axe of the Weasel {pain, Str+4}
 43484 | Depths:3 | 43484 ||| INVOKING Heroism.
 43524 | Depths:3 | 43524 ||| Stepping ~*~*~tactically~*~*~ (hiding).
 43526 | Depths:3 | 43526 ||| Stepping ~*~*~tactically~*~*~ (hiding).
 43529 | Depths:3 | 43529 ||| Stepping ~*~*~tactically~*~*~ (hiding).
 43530 | Depths:3 | 43530 ||| Stepping ~*~*~tactically~*~*~ (hiding).
 43649 | Depths:3 | 43649 ||| INVOKING Heroism.
 43690 | Depths:3 | 43690 ||| UPGRADING to +1 tower shield of cold resistance.
 43700 | Depths:3 | 43700 ||| DROPPING +0 tower shield of reflection.
 43701 | Depths:3 | 43701 ||| DROPPING ring of protection from cold.
 43702 | Depths:3 | 43702 ||| READING 41 scrolls of identify.
 43702 | Depths:3 | 43702 ||| IDENTIFYING puce potion
 43703 | Depths:3 | 43703 ||| DROPPING potion of brilliance.
 43713 | Depths:2 | 43713 ||| INVOKING Heroism.
 43726 | Depths:2 | Reached skill level 18 in Shields
 43811 | Depths:2 | 43811 ||| INVOKING Heroism.
 43842 | Depths:2 | 43842 ||| Stepping ~*~*~tactically~*~*~ (hiding).
 43877 | Depths:2 | 43877 ||| INVOKING Heroism.
 44103 | Depths:3 | 44103 ||| INVOKING Heroism.
 44104 | Depths:3 | Noticed a caustic shrike
 44104 | Depths:3 | Noticed a caustic shrike
 44104 | Depths:3 | Noticed a caustic shrike
 44104 | Depths:3 | Noticed a caustic shrike
 44105 | Depths:3 | Found the +3 warlock's mirror {reflect}
 44114 | Depths:3 | Killed a caustic shrike
 44117 | Depths:3 | Killed a caustic shrike
 44130 | Depths:3 | Killed a caustic shrike
 44131 | Depths:3 | Killed a caustic shrike
 44144 | Depths:3 | 44144 ||| INVOKING Heroism.
 44154 | Depths:3 | HP: 37/153 [shadow dragon (11)]
 44155 | Depths:3 | 44155 ||| READING 12 scrolls of teleportation.
 44156 | Depths:3 | 44156 ||| DRINKING 7 potions of heal wounds.
 44299 | Depths:3 | 44299 ||| INVOKING Heroism.
 44540 | Depths:3 | 44540 ||| Stepping ~*~*~tactically~*~*~ (hiding).
 44542 | Depths:3 | 44542 ||| INVOKING Heroism.
 44551 | Depths:3 | 44551 ||| Stepping ~*~*~tactically~*~*~ (hiding).
 44618 | Depths:3 | Identified the ring "Vumun" {rC+ rN+ Int+2 Dex+4}
 44699 | Depths:3 | 44699 ||| Stepping ~*~*~tactically~*~*~ (hiding).
 44700 | Depths:3 | 44700 ||| INVOKING Heroism.
 44798 | Depths:3 | 44798 ||| DROPPING ring of magical power.
 44799 | Depths:3 | 44799 ||| DROPPING ring of wizardry.
 44800 | Depths:3 | 44800 ||| DROPPING ring of protection from cold.
 44803 | Depths:4 | Entered Level 4 of the Depths
 44820 | Depths:4 | Found an iron altar of Okawaru.
 44823 | Depths:4 | Identified the +10 hand axe of Luhych {flame, Will+}
 44839 | Depths:4 | 44839 ||| Stepping ~*~*~tactically~*~*~ (hiding).
 44871 | Depths:4 | 44871 ||| INVOKING Heroism.
 45087 | Depths:4 | 45087 ||| FLEEEEING.
 45088 | Depths:4 | 45088 ||| FLEEEEING.
 45089 | Depths:4 | 45089 ||| FLEEEEING.
 45090 | Depths:4 | 45090 ||| FLEEEEING.
 45091 | Depths:4 | 45091 ||| FLEEEEING.
 45092 | Depths:4 | 45092 ||| FLEEEEING.
 45093 | Depths:4 | 45093 ||| FLEEEEING.
 45094 | Depths:4 | 45094 ||| FLEEEEING.
 45095 | Depths:4 | 45095 ||| FLEEEEING.
 45096 | Depths:4 | 45096 ||| FLEEEEING.
 45097 | Depths:4 | 45097 ||| FLEEEEING.
 45098 | Depths:4 | 45098 ||| FLEEEEING.
 45099 | Depths:4 | 45099 ||| FLEEEEING.
 45100 | Depths:4 | 45100 ||| FLEEEEING.
 45101 | Depths:4 | 45101 ||| FLEEEEING.
 45102 | Depths:4 | 45102 ||| FLEEEEING.
 45103 | Depths:4 | 45103 ||| FLEEEEING.
 45104 | Depths:4 | 45104 ||| FLEEEEING.
 45105 | Depths:4 | 45105 ||| FLEEEEING.
 45106 | Depths:4 | 45106 ||| FLEEEEING.
 45107 | Depths:4 | 45107 ||| FLEEEEING.
 45108 | Depths:4 | 45108 ||| FLEEEEING.
 45109 | Depths:4 | 45109 ||| FLEEEEING.
 45132 | Depths:4 | Received a gift from Okawaru
 45237 | Depths:4 | 45237 ||| INVOKING Heroism.
 45285 | Depths:4 | 45285 ||| Stepping ~*~*~tactically~*~*~ (hiding).
 45312 | Depths:4 | 45312 ||| Stepping ~*~*~tactically~*~*~ (stealth).
 45334 | Depths:4 | 45334 ||| Stepping ~*~*~tactically~*~*~ (stealth).
 45335 | Depths:4 | 45335 ||| Stepping ~*~*~tactically~*~*~ (stealth).
 45339 | Depths:4 | 45339 ||| INVOKING Heroism.
 45340 | Depths:4 | 45340 ||| Stepping ~*~*~tactically~*~*~ (hiding).
 45342 | Depths:4 | 45342 ||| Stepping ~*~*~tactically~*~*~ (hiding).
 45372 | Depths:4 | 45372 ||| Stepping ~*~*~tactically~*~*~ (hiding).
 45377 | Depths:4 | Reached skill level 9 in Throwing
 45394 | Depths:4 | Found a gate to the Realm of Zot.
 45401 | Depths:4 | 45401 ||| INVOKING Heroism.
 45412 | Depths:4 | Received a gift from Okawaru
 45498 | Depths:4 | 45498 ||| INVOKING Heroism.
 45518 | Depths:4 | 45518 ||| Stepping ~*~*~tactically~*~*~ (hiding).
 45526 | Depths:4 | Noticed a dread lich
 45535 | Depths:4 | Paralysed by a dread lich for 5 turns
 45546 | Depths:4 | Paralysed by something for 5 turns
 45554 | Depths:4 | Paralysed by something for 5 turns
 45565 | Depths:4 | 45565 ||| INVOKING Heroism.
 45565 | Depths:4 | Paralysed by a dread lich for 4 turns
 45581 | Depths:4 | Killed a dread lich
 45965 | Depths:4 | 45965 ||| Stepping ~*~*~tactically~*~*~ (hiding).
 46144 | Depths:4 | 46144 ||| INVOKING Heroism.
 46209 | Depths:4 | 46209 ||| INVOKING Heroism.
 46344 | Depths:4 | 46344 ||| PLANNING VAULTS:5
 46344 | Depths:4 | 46344 ||| UPGRADING to +2 shield of Resistance {rF++ rC++
                  | Will++}.
 46730 | Vaults:5 | Entered Level 5 of the Vaults
 46731 | Vaults:5 | 46731 ||| INVOKING Heroism.
 46732 | Vaults:5 | 46732 ||| STAIRDANCE
 46753 | Vaults:5 | 46753 ||| STAIRDANCE
 46817 | Vaults:5 | 46817 ||| STAIRDANCE
 46819 | Vaults:4 | 46819 ||| INVOKING Heroism.
 46927 | Vaults:5 | 46927 ||| STAIRDANCE
 46959 | Vaults:4 | 46959 ||| SWAPPING to +3 broad axe of electrocution.
 46960 | Vaults:4 | 46960 ||| DROPPING +1 broad axe of freezing.
 46969 | Vaults:5 | 46969 ||| STAIRDANCE
 47002 | Vaults:5 | Reached XP level 23. HP: 135/158 MP: 30/30
 47003 | Vaults:5 | 47003 ||| STAIRDANCE
 47081 | Vaults:5 | Received a gift from Okawaru
 47090 | Vaults:5 | 47090 ||| Stepping ~*~*~tactically~*~*~ (hiding).
 47100 | Vaults:5 | 47100 ||| Stepping ~*~*~tactically~*~*~ (stealth).
 47101 | Vaults:5 | 47101 ||| Stepping ~*~*~tactically~*~*~ (stealth).
 47131 | Vaults:5 | 47131 ||| INVOKING Heroism.
 47132 | Vaults:5 | 47132 ||| INVOKING Finesse.
 47193 | Vaults:5 | 47193 ||| INVOKING Heroism.
 47291 | Vaults:5 | 47291 ||| Stepping ~*~*~tactically~*~*~ (hiding).
 47309 | Vaults:5 | Reached skill level 21 in Fighting
 47323 | Vaults:5 | Noticed a dread lich
 47324 | Vaults:5 | 47324 ||| INVOKING Heroism.
 47329 | Vaults:5 | 47329 ||| INVOKING Finesse.
 47341 | Vaults:5 | Killed a dread lich
 47341 | Vaults:5 | Received a gift from Okawaru
 47511 | Vaults:5 | 47511 ||| Stepping ~*~*~tactically~*~*~ (hiding).
 47534 | Vaults:5 | 47534 ||| INVOKING Heroism.
 47554 | Vaults:5 | Received a gift from Okawaru
 47555 | Vaults:5 | Reached skill level 12 in Throwing
 47653 | Vaults:5 | 47653 ||| INVOKING Heroism.
 47751 | Vaults:5 | 47751 ||| INVOKING Heroism.
 47752 | Vaults:5 | 47752 ||| INVOKING Finesse.
 47771 | Vaults:5 | Received a gift from Okawaru
 47821 | Vaults:5 | 47821 ||| INVOKING Heroism.
 47822 | Vaults:5 | 47822 ||| INVOKING Finesse.
 47849 | Vaults:5 | Received a gift from Okawaru
 47864 | Vaults:5 | Noticed Saint Roka
 47865 | Vaults:5 | 47865 ||| Stepping ~*~*~tactically~*~*~ (hiding).
 47875 | Vaults:5 | Paralysed by a floating eye for 4 turns
 47889 | Vaults:5 | Killed Saint Roka
 47904 | Vaults:5 | 47904 ||| INVOKING Heroism.
 48196 | Vaults:5 | Identified the -2 pair of gloves of Ru's Displeasure {rElec
                  | rF+ Regen+ Str+2}
 48206 | Vaults:5 | Identified the ring "Zeupos" {rElec rN+ Dex+3}
 48259 | Vaults:5 | 48259 ||| INVOKING Heroism.
 48260 | Vaults:5 | 48260 ||| INVOKING Finesse.
 48267 | Vaults:5 | 48267 ||| Stepping ~*~*~tactically~*~*~ (stealth).
 48303 | Vaults:5 | 48303 ||| Stepping ~*~*~tactically~*~*~ (stealth).
 48304 | Vaults:5 | 48304 ||| Stepping ~*~*~tactically~*~*~ (stealth).
 48312 | Vaults:5 | 48312 ||| INVOKING Finesse.
 48313 | Vaults:5 | 48313 ||| Stepping ~*~*~tactically~*~*~ (stealth).
 48346 | Vaults:5 | Noticed an ancient lich
 48350 | Vaults:5 | 48350 ||| INVOKING Heroism.
 48355 | Vaults:5 | Killed an ancient lich
 48356 | Vaults:5 | Reached skill level 22 in Fighting
 48363 | Vaults:5 | 48363 ||| Stepping ~*~*~tactically~*~*~ (hiding).
 48551 | Vaults:5 | Received a gift from Okawaru
 48559 | Vaults:5 | Got a silver rune of Zot
 48578 | Vaults:5 | 48578 ||| Stepping ~*~*~tactically~*~*~ (stealth).
 48580 | Vaults:5 | 48580 ||| Stepping ~*~*~tactically~*~*~ (hiding).
 48581 | Vaults:5 | 48581 ||| Stepping ~*~*~tactically~*~*~ (hiding).
 48584 | Vaults:5 | 48584 ||| INVOKING Heroism.
 48731 | Vaults:5 | 48731 ||| Stepping ~*~*~tactically~*~*~ (hiding).
 48737 | Vaults:5 | Identified the +10 halberd of Grace {freeze, rCorr Str+4}
 48737 | Vaults:5 | Identified the ring "Ynoprok" {Fly rF++ Dex-2}
 48738 | Vaults:5 | 48738 ||| Stepping ~*~*~tactically~*~*~ (stealth).
 48742 | Vaults:5 | Reached skill level 6 in Dodging
 48753 | Vaults:5 | Noticed an ancient lich
 48753 | Vaults:5 | 48753 ||| INVOKING Heroism.
 48754 | Vaults:5 | 48754 ||| INVOKING Finesse.
 48795 | Vaults:5 | Killed an ancient lich
 48945 | Vaults:5 | Identified the +4 trident of Affao {vorpal, rC+ Int+3}
 48997 | Vaults:5 | Received a gift from Okawaru
 49217 | Vaults:5 | 49217 ||| PLANNING SHOPPING SPREE
 49217 | Vaults:5 | 49217 ||| UPGRADING to +1 tower shield of cold resistance.
 49227 | Vaults:5 | 49227 ||| DROPPING +0 pair of gloves of Okawaru, Freezing
                  | {rF+}.
 49228 | Vaults:5 | 49228 ||| UPGRADING to -2 pair of gloves of Ru's
                  | Displeasure {rElec rF+ Regen+ Str+2}.
 49238 | Vaults:5 | 49238 ||| DROPPING +2 pair of gloves.
 49239 | Vaults:5 | 49239 ||| DROPPING ring "Zeupos" {rElec rN+ Dex+3}.
 49240 | Vaults:5 | 49240 ||| READING scroll labelled LOUCER EKHAARCH.
 49726 | D:1      | 49726 ||| BUYING +2 broad axe "Wojikoff" {spect, *Noise
                  | rCorr Str+6} (417 gold).
 49726 | D:1      | Bought the +2 broad axe "Wojikoff" {spect, *Noise rCorr
                  | Str+6} for 417 gold pieces
 49726 | D:1      | 49726 ||| SWAPPING to +2 broad axe "Wojikoff" {spect,
                  | *Noise rCorr Str+6}.
 49727 | D:1      | 49727 ||| DROPPING +3 broad axe of protection.
 49866 | D:5      | 49866 ||| BUYING potion of lignification (60 gold).
 49866 | D:5      | Bought a potion of lignification for 60 gold pieces
 50129 | Depths:3 | 50129 ||| Stepping ~*~*~tactically~*~*~ (stealth).
 50131 | Depths:3 | 50131 ||| Stepping ~*~*~tactically~*~*~ (hiding).
 50135 | Depths:3 | 50135 ||| INVOKING Heroism.
 50165 | Depths:3 | 50165 ||| BUYING ring of Penwysowy {Wiz rC+ SInv Stlth+}
                  | (867 gold).
 50165 | Depths:3 | Bought the ring of Penwysowy {Wiz rC+ SInv Stlth+} for 867
                  | gold pieces
 50165 | Depths:3 | 50165 ||| UPGRADING to ring of Penwysowy {Wiz rC+ SInv
                  | Stlth+}.
 50167 | Depths:3 | 50167 ||| PLANNING ZOT:1-4
 50227 | Zot:1    | Entered Level 1 of the Realm of Zot
 50236 | Zot:1    | 50236 ||| Stepping ~*~*~tactically~*~*~ (hiding).
 50239 | Zot:1    | 50239 ||| INVOKING Heroism.
 50279 | Zot:1    | 50279 ||| Stepping ~*~*~tactically~*~*~ (hiding).
 50363 | Zot:1    | 50363 ||| INVOKING Heroism.
 50364 | Zot:1    | 50364 ||| INVOKING Finesse.
 50411 | Zot:1    | 50411 ||| INVOKING Heroism.
 50425 | Zot:1    | 50425 ||| Stepping ~*~*~tactically~*~*~ (cloud).
 50465 | Zot:1    | 50465 ||| Stepping ~*~*~tactically~*~*~ (stealth).
 50467 | Zot:1    | 50467 ||| Stepping ~*~*~tactically~*~*~ (hiding).
 50469 | Zot:1    | 50469 ||| INVOKING Heroism.
 50477 | Zot:1    | 50477 ||| Stepping ~*~*~tactically~*~*~ (hiding).
 50593 | Zot:1    | 50593 ||| Stepping ~*~*~tactically~*~*~ (hiding).
 50594 | Zot:1    | 50594 ||| Stepping ~*~*~tactically~*~*~ (hiding).
 50597 | Zot:1    | 50597 ||| Stepping ~*~*~tactically~*~*~ (hiding).
 50728 | Zot:1    | 50728 ||| INVOKING Heroism.
 50793 | Zot:1    | 50793 ||| INVOKING Heroism.
 50839 | Zot:1    | 50839 ||| Stepping ~*~*~tactically~*~*~ (stealth).
 50840 | Zot:1    | 50840 ||| Stepping ~*~*~tactically~*~*~ (stealth).
 50842 | Zot:1    | 50842 ||| Stepping ~*~*~tactically~*~*~ (hiding).
 50845 | Zot:1    | 50845 ||| INVOKING Heroism.
 50910 | Zot:1    | 50910 ||| INVOKING Heroism.
 50911 | Zot:1    | 50911 ||| INVOKING Finesse.
 50975 | Zot:1    | 50975 ||| Stepping ~*~*~tactically~*~*~ (stealth).
 50981 | Zot:1    | 50981 ||| Stepping ~*~*~tactically~*~*~ (stealth).
 50982 | Zot:1    | 50982 ||| Stepping ~*~*~tactically~*~*~ (stealth).
 50984 | Zot:1    | 50984 ||| INVOKING Heroism.
 50991 | Zot:1    | Reached skill level 21 in Shields
 51314 | Zot:1    | 51314 ||| INVOKING Heroism.
 51380 | Zot:2    | Received a gift from Okawaru
 51381 | Zot:2    | 51381 ||| Stepping ~*~*~tactically~*~*~ (hiding).
 51384 | Zot:2    | 51384 ||| STAIRDANCE
 51396 | Zot:1    | Reached XP level 24. HP: 164/165 MP: 30/30
 51399 | Zot:2    | 51399 ||| STAIRDANCE
 51401 | Zot:1    | 51401 ||| INVOKING Heroism.
 51488 | Zot:2    | 51488 ||| INVOKING Heroism.
 51514 | Zot:2    | 51514 ||| INVOKING Heroism.
 51552 | Zot:2    | 51552 ||| Stepping ~*~*~tactically~*~*~ (stealth).
 51749 | Zot:2    | 51749 ||| Stepping ~*~*~tactically~*~*~ (hiding).
 51753 | Zot:2    | 51753 ||| INVOKING Heroism.
 51754 | Zot:2    | 51754 ||| INVOKING Finesse.
 51764 | Zot:2    | Received a gift from Okawaru
 51805 | Zot:2    | 51805 ||| INVOKING Finesse.
 51820 | Zot:2    | Noticed Grunn
 51829 | Zot:2    | Killed Grunn
 51889 | Zot:2    | 51889 ||| Stepping ~*~*~tactically~*~*~ (stealth).
 51891 | Zot:2    | 51891 ||| INVOKING Heroism.
 52033 | Zot:2    | 52033 ||| Stepping ~*~*~tactically~*~*~ (hiding).
 52035 | Zot:2    | 52035 ||| INVOKING Heroism.
 52041 | Zot:2    | 52041 ||| Stepping ~*~*~tactically~*~*~ (hiding).
 52046 | Zot:2    | 52046 ||| Stepping ~*~*~tactically~*~*~ (hiding).
 52075 | Zot:2    | 52075 ||| Stepping ~*~*~tactically~*~*~ (hiding).
 52087 | Zot:2    | 52087 ||| Stepping ~*~*~tactically~*~*~ (hiding).
 52099 | Zot:2    | 52099 ||| Stepping ~*~*~tactically~*~*~ (stealth).
 52100 | Zot:2    | 52100 ||| Stepping ~*~*~tactically~*~*~ (hiding).
 52203 | Zot:2    | 52203 ||| INVOKING Heroism.
 52223 | Zot:2    | 52223 ||| Stepping ~*~*~tactically~*~*~ (hiding).
 52224 | Zot:2    | 52224 ||| Stepping ~*~*~tactically~*~*~ (hiding).
 52385 | Zot:2    | 52385 ||| Stepping ~*~*~tactically~*~*~ (hiding).
 52590 | Zot:2    | 52590 ||| UPGRADING to +2 cloak of willpower.
 52600 | Zot:2    | 52600 ||| DROPPING +2 cloak.
 52649 | Zot:3    | 52649 ||| Stepping ~*~*~tactically~*~*~ (hiding).
 52652 | Zot:3    | 52652 ||| Stepping ~*~*~tactically~*~*~ (hiding).
 52662 | Zot:3    | Reached skill level 23 in Fighting
 52927 | Zot:3    | 52927 ||| Stepping ~*~*~tactically~*~*~ (hiding).
 52932 | Zot:3    | 52932 ||| INVOKING Heroism.
 52994 | Zot:3    | 52994 ||| Stepping ~*~*~tactically~*~*~ (hiding).
 53004 | Zot:3    | 53004 ||| INVOKING Heroism.
 53026 | Zot:3    | 53026 ||| Stepping ~*~*~tactically~*~*~ (hiding).
 53027 | Zot:3    | 53027 ||| INVOKING Heroism.
 53099 | Zot:3    | 53099 ||| Stepping ~*~*~tactically~*~*~ (hiding).
 53113 | Zot:3    | 53113 ||| Stepping ~*~*~tactically~*~*~ (hiding).
 53114 | Zot:3    | 53114 ||| Stepping ~*~*~tactically~*~*~ (hiding).
 53134 | Zot:3    | 53134 ||| INVOKING Heroism.
 53300 | Zot:3    | 53300 ||| INVOKING Heroism.
 53309 | Zot:3    | 53309 ||| Stepping ~*~*~tactically~*~*~ (stealth).
 53340 | Zot:3    | Received a gift from Okawaru
 53359 | Zot:3    | 53359 ||| INVOKING Heroism.
 53487 | Zot:3    | 53487 ||| INVOKING Heroism.
 53619 | Zot:3    | 53619 ||| INVOKING Heroism.
 53654 | Zot:3    | 53654 ||| Stepping ~*~*~tactically~*~*~ (stealth).
 53819 | Zot:4    | 53819 ||| INVOKING Heroism.
 53844 | Zot:4    | HP: 38/172 [death cob (11)]
 53845 | Zot:4    | 53845 ||| READING 15 scrolls of teleportation.
 53845 | Zot:4    | HP: 18/172 [yellow draconian/+0 mace (10)]
 53846 | Zot:4    | 53846 ||| DRINKING 10 potions of heal wounds.
 53847 | Zot:4    | 53847 ||| DRINKING 9 potions of heal wounds.
 53848 | Zot:4    | 53848 ||| DRINKING 8 potions of heal wounds.
 53850 | Zot:4    | HP: 40/172 [death cob (16)]
 53851 | Zot:4    | 53851 ||| DRINKING 7 potions of heal wounds.
 53852 | Zot:4    | HP: 14/172 [death cob (18)]
 53852 | Zot:4    | HP: 6/172 [storm dragon (6)]
 53853 | Zot:4    | 53853 ||| DRINKING 6 potions of heal wounds.
 53858 | Zot:4    | 53858 ||| DRINKING 5 potions of heal wounds.
 53859 | Zot:4    | 53859 ||| Stepping ~*~*~tactically~*~*~ (hiding).
 53863 | Zot:4    | HP: 26/172 [quicksilver dragon (19)]
 53864 | Zot:4    | 53864 ||| READING 14 scrolls of teleportation.
 53865 | Zot:4    | 53865 ||| DRINKING 4 potions of heal wounds.
 53866 | Zot:4    | HP: 8/172 [quicksilver dragon (5)]
 53866 | Zot:4    | Slain by a quicksilver dragon

Levels and vault maps discovered:
D:1:      tarquinn_simple_flora_water_d, layout_loops_corners, serial_shops,
          nicolae_shop_bloodbath_and_beyond, hangedman_decor_push,
          nicolae_wormholes
D:2:      layout_basic
D:3:      layout_rooms, lemuel_zombie_altar_kikubaaqudgha, gup_sewer_entry_bowl,
          uniq_jessica
D:4:      layout_gridville, nicolae_hepliaklqana_hippocampus,
          yredelemnul_forgotten_temple_becter, vehumet_altar_wand_db,
          minmay_temple_entry_junction
D:5:      layout_basic, mainiacjoe_overflow_alcove_1, serial_shops, shop,
          uniq_eustachio
D:6:      layout_cave_pods, ashenzari_altar_1, serial_shops,
          nicolae_shop_advertising_works [nicolae_subvault_shop_adworks],
          uniq_grinder
D:7:      layout_rooms
D:8:      layout_rooms, nicolae_sif_muna_condensation,
          nicolae_gozag_cash_rules_everything_around_me
D:9:      layout_roguey, mainiacjoe_overflow_alcove_2,
          overflow_temple_1_default, lair_entry_dummy
D:10:     layout_rooms, nicolae_dithmenos_shadow_blocks, chei_slow_surprise
D:11:     layout_basic
D:12:     layout_roguey, orc_david_3, ebering_ghost_reflecting_pool, uniq_sonja
D:13:     gammafunk_corrupted_shrine, layout_cross,
          onia_ninara_dug_in_and_dangerous, uniq_rupert, uniq_azrael,
          uniq_nessos, uniq_josephine, uniq_lodul
D:14:     layout_roguey, david_vaults_5, special_room [special_room_orc],
          nrook_loot_triangle, minmay_diced_spiral, uniq_jorgrun
D:15:     gammafunk_depths_entry_grave, layout_cave_pools,
          nicolae_elyvilon_peaceful_grove, minmay_misc_feat_roman,
          onia_ninara_cookie
Temple:   nicolae_temple_two_arcs
Lair:1:   layout_misc_corridors, basic_altar
Lair:2:   layout_misc_corridors, minmay_swamp_entry_worms,
          cheibrodos_lair_caveside_slide
Lair:3:   layout_big_grid, spider_nest_entry_rubble
Lair:4:   layout_cave_shapes, ice2_lemuel
Lair:5:   hangedman_lair_caniforms_friends, layout_cave_pods, wormcave,
          slime_entry_1, st_stairs_11, infiniplex_staircase_pool_2
Swamp:1:  layout_basic_swamp, hangedman_swamp_cone, infiniplex_staircase_pool,
          uniq_mlioglotl
Swamp:2:  layout_basic_swamp, evilmike_swamp_ruin_house_1, swamp_pool5,
          uniq_nikola
Swamp:3:  layout_basic_swamp, evilmike_swamp_ruin_house_2
Swamp:4:  swamp_alternative, layout_basic_swamp, swamp_pool1
Spider:1: layout_spider_delve, portal_ice_cave_entry_pillars_four
Spider:2: spiders_nest_scorpion_pit, hangedman_spider_tarantella_strand
Spider:3: layout_spider_delve, nicolae_spider_spiderdrome
Spider:4: guppyfry_spider_rune
Orc:1:    layout_caves, serial_shops, shop_fountains, nicolae_orc_crystal_geode
Orc:2:    grunt_orc_gardens, layout_caves, grunt_orc_garden, grunt_orc_garden,
          grunt_orc_garden, grunt_orc_garden, uniq_snorg
Vaults:1: nicolae_vaults_little_squares_1, nicolae_vaults_little_squares_6,
          nicolae_vaults_little_squares_2, ontoclasm_vaults_ligature,
          vaults_room_door_ring, vaults_dpeg_emergency_exit,
          vaults_room_semicircle, hangedman_vaults_slice,
          nicolae_vaults_quartermaster, layout_vaults_omnigrid, serial_shops,
          shop
Vaults:2: nicolae_vaults_network_periphery,
          vaults_standard_mumra_enter_the_diamond, vaults_room_octagon,
          ontoclasm_vaults_idyll, vaults_dpeg_spiral,
          nicolae_vaults_an_arrangement, v_misc_16, v_misc_30, v_alt_pattern_3,
          vaults_room_fours, nicolae_vaults_alarming, layout_vaults_omnicross
Vaults:3: hangedman_vaults_nails, nicolae_vaults_ninety_degrees,
          vaults_room_semicircle, minmay_crypt_entry_simple_box,
          nicolae_vaults_windows_and_doors_thing, v_misc_22, v_misc_25,
          nicolae_vaults_network_s, v_misc_28, ontoclasm_vaults_idyll,
          vaults_mumra_hex, nicolae_vaults_shelves_hall, layout_vaults_omnibox,
          serial_shops, nicolae_shop_crystal, uniq_margery
Vaults:4: nicolae_vaults_little_squares_2, vaults_dpeg_hooks, v_alt_pattern_1,
          nicolae_vaults_network_barrier, nicolae_vaults_back_hallway,
          v_alt_pattern_2, v_misc_10, hangedman_vaults_stagger, v_misc_32,
          v_misc_8, ontoclasm_vaults_eye, vaults_dpeg_diagonal,
          layout_vaults_maze_bifur
Vaults:5: serial_shops, uniq_frederick, uniq_saint_roka
Depths:1: layout_honeycomb, enter_ziggurat_a,
          nicolae_abyss_entry_one_way_or_another, nrook_pool_corridor,
          lightli_too_deep, grunt_ministairs_1, minivault_16,
          kennysheep_treasure_room, minmay_shoptagon
Depths:2: minmay_nested_s, layout_basic, hell_entry, rand_demon_pan_entry_8,
          abyss_entry_flame_altar, minmay_misc_feat_encased,
          infiniplex_staircase_spiral_double, uniq_josephina
Depths:3: grunt_arcs, layout_basic, nicolae_elevator_lobby_asterisk, hell_entry,
          abyss_entry, st_stairs_3, minmay_shop_grove, infiniplex_staircase_x,
          serial_bayou_shore_b
Depths:4: grunt_crosshair, layout_gridville, okawaru_ov_weapons_minmay,
          marbit_kobold_abyss_entry, hell_entry, ldierk_geyser, minmay_librarian
Zot:1:    layout_gridlike
Zot:2:    layout_basic, uniq_grunn
Zot:3:    layout_twisted_circle
Zot:4:    layout_cathedral_of_symmetry, bh_zot_levy_curve, uniq_parghit

Skill      XL: |  1  2  3  4  5  6  7  8  9 10 11 12 13 14 15 16 17 18 19 20 21 22 23 24 |
---------------+-------------------------------------------------------------------------+-----
Axes           | 2 3 4 5 6 7 9 10 11 12 14 15 17 18 | 18.0
Fighting       | 4 5 6 7 8 10 11 12 13 15 17 18 20 22 23 | 23.5
Invocations    | 3 4 7 10 | 10.0
Armour         | 4 6 7 8 10 11 13 14 15 17 19 20 22 | 22.0
Dodging        | 1 2 3 4 5 6 7 |  7.0
Throwing       | 1 2 4 6 7 8 11 12 13 | 13.0
Shields        | 4 5 6 11 12 13 14 15 16 17 20 21 22 | 22.0

Action                   |  1- 3 |  4- 6 |  7- 9 | 10-12 | 13-15 | 16-18 | 19-21 | 22-24 || total
-------------------------+-------+-------+-------+-------+-------+-------+-------+-------++-------
Melee: War axe           |   136 |   127 |       |       |       |       |       |       ||   263
       Broad axe         |       |    46 |   253 |   536 |  1423 |  1493 |  1550 |  1465 ||  6766
       Morningstar       |       |       |       |     6 |    21 |       |       |       ||    27
       Hand axe          |       |       |       |       |    10 |    14 |       |       ||    24
Throw: Boomerang         |       |    41 |    55 |   101 |    66 |    98 |    74 |    25 ||   460
       Javelin           |       |       |       |       |    50 |   133 |    39 |    58 ||   280
Invok: Heroism           |       |       |    18 |    27 |    52 |    54 |    41 |    59 ||   251
       Finesse           |       |       |       |     2 |    15 |    16 |    13 |    11 ||    57
  Use: Scroll            |     8 |     8 |     9 |     3 |     9 |     1 |     2 |     5 ||    45
       Potion            |       |     1 |     4 |     1 |     4 |     2 |     3 |     8 ||    23
 Stab: Invisible         |       |       |       |       |     1 |       |       |       ||     1
       Distracted        |       |       |       |       |       |     1 |       |    14 ||    15
Armor: Scale mail        |    50 |    22 |       |       |       |       |       |       ||    72
       Plate armour      |       |   106 |    90 |       |       |       |       |       ||   196
       Crystal plate arm |       |       |   207 |   448 |   882 |   877 |   846 |   781 ||  4041
Dodge: Dodged            |    54 |    51 |    99 |   243 |   572 |   512 |   485 |   404 ||  2420
Block: Buckler           |    18 |    26 |    93 |   140 |   190 |       |       |       ||   467
       Kite shield       |       |       |       |       |   524 |   888 |  1028 |   345 ||  2785
       Reflection        |       |       |       |       |       |       |     5 |    44 ||    49
       Tower shield      |       |       |       |       |       |       |       |   974 ||   974

Table legend:
 A = Non-vault XP
 B = Vault XP
 C = Vault XP percentage of total XP
 D = Non-vault monster count
 E = Vault monster count
 F = Vault count percentage of total count
                 A         B        C        D         E       F
            +---------+---------+-------+---------+---------+-------
      Total |  538098 |  399661 |  42.6 |    1163 |     575 |  33.1
            +---------+---------+-------+---------+---------+-------
        D:1 |      50 |       5 |   9.1 |      29 |       1 |   3.3
        D:2 |      67 |       0 |   0.0 |      27 |       0 |   0.0
        D:3 |      64 |      65 |  50.4 |      17 |      13 |  43.3
        D:4 |     109 |       3 |   2.7 |      17 |       2 |  10.5
        D:5 |     706 |     185 |  20.8 |      23 |       1 |   4.2
        D:6 |     641 |     295 |  31.5 |      21 |       1 |   4.5
        D:7 |    2078 |       0 |   0.0 |      31 |       0 |   0.0
        D:8 |    1694 |       0 |   0.0 |      31 |       0 |   0.0
        D:9 |    1562 |       0 |   0.0 |      29 |       0 |   0.0
       D:10 |    4316 |      18 |   0.4 |      15 |       1 |   6.2
       D:11 |    8299 |       0 |   0.0 |      28 |       0 |   0.0
       D:12 |    3725 |    1208 |  24.5 |      21 |       8 |  27.6
       D:13 |    7688 |    8360 |  52.1 |      26 |      23 |  46.9
       D:14 |   11408 |    7008 |  38.1 |      31 |      31 |  50.0
       D:15 |    9726 |   12638 |  56.5 |      22 |      22 |  50.0
     Lair:1 |   12012 |       0 |   0.0 |      58 |       0 |   0.0
     Lair:2 |    9046 |     269 |   2.9 |      26 |       1 |   3.7
     Lair:3 |    2093 |     178 |   7.8 |       7 |       1 |  12.5
     Lair:4 |   10274 |     857 |   7.7 |      33 |       9 |  21.4
     Lair:5 |    8980 |   11710 |  56.6 |      26 |      59 |  69.4
    Swamp:1 |    8848 |    1757 |  16.6 |      16 |       1 |   5.9
    Swamp:2 |   12732 |    2666 |  17.3 |      27 |       4 |  12.9
    Swamp:3 |   10299 |       0 |   0.0 |      21 |       0 |   0.0
    Swamp:4 |    9253 |   17726 |  65.7 |      18 |      25 |  58.1
   Spider:1 |   14890 |       0 |   0.0 |      36 |       0 |   0.0
   Spider:2 |   12008 |    8633 |  41.8 |      30 |      23 |  43.4
   Spider:3 |   10338 |    1186 |  10.3 |      34 |       1 |   2.9
   Spider:4 |    7502 |   19593 |  72.3 |      15 |      33 |  68.8
      Orc:1 |    1669 |    4615 |  73.4 |      19 |       6 |  24.0
      Orc:2 |    2584 |    4506 |  63.6 |      13 |       7 |  35.0
   Vaults:1 |   19850 |   10593 |  34.8 |      35 |      14 |  28.6
   Vaults:2 |   29024 |   12683 |  30.4 |      40 |      15 |  27.3
   Vaults:3 |   21731 |   30224 |  58.2 |      28 |      39 |  58.2
   Vaults:4 |   32598 |   35760 |  52.3 |      48 |      45 |  48.4
   Vaults:5 |   17080 |   75875 |  81.6 |      24 |      71 |  74.7
   Depths:1 |   30236 |    9683 |  24.3 |      35 |      10 |  22.2
   Depths:2 |   11741 |   47418 |  80.2 |      14 |      49 |  77.8
   Depths:3 |   25970 |   42968 |  62.3 |      23 |      35 |  60.3
   Depths:4 |   20667 |   22943 |  52.6 |      20 |      20 |  50.0
      Zot:1 |   36305 |       0 |   0.0 |      32 |       0 |   0.0
      Zot:2 |   45413 |    8033 |  15.0 |      44 |       4 |   8.3
      Zot:3 |   39884 |       0 |   0.0 |      31 |       0 |   0.0
      Zot:4 |    9131 |       0 |   0.0 |       8 |       0 |   0.0
    Abyss:1 |   13807 |       0 |   0.0 |      34 |       0 |   0.0
            +---------+---------+-------+---------+---------+-------
